 Dungeon Crawl Stone Soup version 0.25.1-2-g60ff931df9 (webtiles) character file.

Game seed: 17755881714020630379

568265 gbos the Slayer (level 26, -9/276 HPs)
             Began as a Naga Fighter on Nov 19, 2020.
             Was the Champion of the Shining One.
             Killed by divine providence
             ... invoked by a mummy priest
              (11 damage)
             ... on level 2 of the Tomb of the Ancients.
             The game lasted 00:21:58 (61015 turns).

gbos the Slayer (Naga Fighter)                     Turns: 61015, Time: 00:21:58

Health: -9/276     AC: 62    Str: 43      XL:     26   Next: 87%
Magic:  32/32      EV: 13    Int:  8      God:    the Shining One [******]
Gold:   2975       SH: 25    Dex: 20 (21) Spells: 25/25 levels left

rFire    + . .     SeeInvis +   x - +7 broad axe (holy)
rCold    + + .     Gourm    .   y - +0 tower shield
rNeg     + + +     Faith    +   v - +14 crystal plate armour of Anaesthesia {rElec rC+ Dex+4}
rPois    +         Spirit   .   B - +2 helmet
rElec    +         Reflect  .   l - scarf {repulsion}
rCorr    .         Harm     .   z - +2 pair of gloves "Long" {Dex+3}
MR       +++++                  C - +2 naga barding {Fly}
Stlth    ..........             o - amulet of faith
HPRegen  0.56/turn              c - ring of the Evil One {rC+ Str+6 Dex+3}
MPRegen  0.23/turn              q - ring "Jeadoz" {*Drain rF+ MR++ Str+4}

@: about to teleport, marked, flying, slowed, glowing, repel missiles, very slow
A: large, rugged brown scales 1, see invisible, deformed body, poison
resistance, screaming 1, slowness 2, slow metabolism 1, spit poison 1, strong 1,
constrict 1, AC +8
}: 3/15 runes: barnacled, silver, gossamer
a: Spit Poison, Divine Shield, Cleansing Flame, Summon Divine Warrior, Renounce
Religion, Stop Flying


You were on level 2 of the Tomb of the Ancients.
You worshipped the Shining One.
The Shining One was exalted by your worship.
You were very hungry.

You visited 11 branches of the dungeon, and saw 48 of its levels.
You visited 2 bazaars.
You also visited: Ossuary.

You collected 6844 gold pieces.
You spent 3869 gold pieces at shops.


Innate Abilities, Weirdness & Mutations

You cannot wear boots.
Your serpentine skin is tough. (AC +8)
You have supernaturally acute eyesight. (SInv)
Armour fits poorly on your strangely shaped body.
Your system is resistant to poisons. (rPois)
You cover ground very slowly.
You have a slow metabolism.
You can spit poison.
You can use your snake-like lower body to constrict enemies.
You are partially covered in rugged brown scales. (AC +1, +3% HP)
You occasionally shout uncontrollably at your foes.
Your muscles are strong. (Str +2)


   Skills:
 - Level 22.0 Fighting
 - Level 18.0 Axes
 + Level 21.7 Armour
 - Level 13.0 Dodging
 - Level 15.0 Shields
 - Level 12.0 Invocations


You had 25 spell levels left.
You didn't know any spells.
Your spell library was empty.

Inventory:

Hand Weapons
 x - a +7 broad axe of holy wrath (weapon)
Armour
 b - the -5 tower shield "Iteon" {*Contam rElec rF+ rC+}
   (Okawaru gifted it to you on level 6 of the Lair of Beasts)

   It protects you from fire.
   It protects you from cold.
   It insulates you from electricity.
   It causes magical contamination when unequipped.
 f - the +2 naga barding of the Blessed Realm {MR+ rCorr Int+5}
   (Okawaru gifted it to you on level 3 of the Vaults)

   It affects your intelligence (+5).
   It affects your resistance to hostile enchantments.
   It provides partial protection from all sources of acid and corrosion.
 l - a scarf of repulsion (worn)
 u - a scarf of resistance
 v - the +14 crystal plate armour of Anaesthesia (worn) {rElec rC+ Dex+4}
   (Okawaru gifted it to you on level 2 of the Vaults)

   It affects your dexterity (+4).
   It protects you from cold.
   It insulates you from electricity.
 y - a +0 tower shield (worn)
 z - the +2 pair of gloves "Long" (worn) {Dex+3}
   (You took it off Nikola on level 3 of the Depths)

   It affects your dexterity (+3).
 B - a +2 helmet (worn)
 C - a +2 naga barding of flying (worn)
Jewellery
 c - the ring of the Evil One (left hand) {rC+ Str+6 Dex+3}
   (You found it on level 13 of the Dungeon)

   [ring of strength]

   It affects your strength (+6).
   It affects your dexterity (+3).
   It protects you from cold.
 g - the ring "Olegg" {rPois rF+ MR++ Str+4 Int-4}
   (You took it off a deep elf mage on level 15 of the Dungeon)

   [ring of protection from fire]

   It affects your strength (+4).
   It affects your intelligence (-4).
   It protects you from fire.
   It protects you from poison.
   It affects your resistance to hostile enchantments.
 i - the ring of Yendor {rElec rPois rF+ rC+ Stlth+}
   (You took it off a yaktaur captain on level 5 of the Vaults)

   [ring of protection from cold]

   It protects you from fire.
   It protects you from cold.
   It insulates you from electricity.
   It protects you from poison.
   It makes you more stealthy.
 o - an amulet of faith (around neck)
 q - the ring "Jeadoz" (right hand) {*Drain rF+ MR++ Str+4}
   (You took it off an ironbrand convoker on level 4 of the Vaults)

   [ring of protection from fire]

   It affects your strength (+4).
   It protects you from fire.
   It affects your resistance to hostile enchantments.
   It causes draining when unequipped.
 Y - a +6 ring of strength
Wands
 s - a wand of digging (23)
Scrolls
 a - 37 scrolls of identify
 h - 23 scrolls of remove curse
 k - 9 scrolls of teleportation
Potions
 d - 6 potions of might
 j - 13 potions of haste
 n - 5 potions of mutation
 p - 30 potions of curing
 r - 8 potions of cancellation
Comestibles
 e - 79 rations

Dungeon Overview and Level Annotations

Branches:
Dungeon (15/15)            Temple (1/1) D:5            Lair (6/6) D:9
 Shoals (4/4) Lair:4       Spider (4/4) Lair:3        Slime (0/5) Lair:5
    Orc (2/2) D:11            Elf (0/3) Orc:2        Vaults (5/5) D:13
  Crypt (3/3) Vaults:3       Tomb (2/3) Crypt:3      Depths (5/5) D:15
    Zot (1/5) Depths:5    Ossuary (visited)

Altars:
Ashenzari
Cheibriados
Dithmenos
Elyvilon
Fedhas
Gozag
Hepliaklqana
Kikubaaqudgha
Makhleb
Nemelex Xobeh
Okawaru
Qazlal
Ru
Sif Muna
Trog
Uskayaw
Vehumet
Wu Jian
Xom
Yredelemnul
Zin
The Shining One
Beogh
Jiyva

Shops:
D:9 !   Orc:2 }}!![   Shoals:3 %   Shoals:4 [   Vaults:1 }   Vaults:2 [
Depths:1 ?[!   Depths:2 [}%:

Portals:
Hell: Depths:1 Depths:2 Depths:4 Depths:5
Abyss: Depths:1 Depths:4
Ziggurat: Depths:2
Trove: Vaults:2 (give +2 gold dragon scales)

Annotations:
D:5 1 transporter, gbos's ghost, novice GrFi
D:6 2 runed translucent doors, gbos's ghost, novice NaFi
D:13 2 transporters, Diongodu's ghost, journeyman MiBe
Depths:3 1 runed translucent door, Mennas
Depths:4 2 transporters


Message History

You feel as though you will be slow longer.
A guardian mummy comes into view.
You slash the flying skull!
The flying skull convulses!
You destroy the flying skull!
You hit the mummy priest but do no damage.
You slash the death scarab!
The death scarab convulses!
You slice the spectral shock serpent!!
The spectral shock serpent convulses!!
You destroy the spectral shock serpent!
You slash the mummy priest!
The mummy priest convulses!
You barely miss the jiangshi. You slash the flayed ghost!
The flayed ghost convulses!
You block the death scarab's attack. x3; The death scarab closely misses you.
The jiangshi claws you but does no damage.
You block the jiangshi's attack. The death scarab closely misses you.
The shadow slips into darkness.
The shadow flickers and vanishes for a moment.
The mummy priest utters an invocation to its god.
The mummy priest invokes the aid of its god against you.
Something smites you!
You die...

...M?As(M.M.....
#.....#
.......%....M...
#.....#
.......M.n.VMMM..
#.....#
..........MzM.M..
#...M.#
..!...."W3M4V.M..
#.MMM$#
.......WWMzM.MWW¤


#MMsss# $......MZWs.sWMZ¤ #..s.s# ......#MVM#WWWWMZ #..MM.# ......ZW@sWMMMW¤
#..^M<# .......sMsZWMMV. ###'### ....!.MWzMWsMMM s^ ##..MW.WZWM#### ...
#....MMMM.# ^.. ###..M..MM..### #... ...^...(....... ...............
#########'##### You could see 4 greater mummies, 7 mummy priests, a skeletal
warrior, a jiangshi (summoned), 4 flayed ghosts, 4 shadow wraiths, a phantasmal
warrior (summoned), a hellwing (summoned), 8 guardian mummies, 2 freezing
wraiths, a spectral alligator (summoned), 5 hungry ghosts, a neqoxec (summoned),
3 vampires, 2 wraiths, 6 death scarabs, a necrophage (summoned), 2 shadows, 18
mummies, 2 wights, an anaconda simulacrum (summoned), an anaconda zombie
(summoned), a spiny frog zombie (summoned), a ghost moth zombie (summoned) and a
stone giant zombie.

Vanquished Creatures
  An orb of fire (Zot:1)
  Mara (Vaults:5)
  2 ancient liches
  Sojobo (Depths:4)
  Boris (twice) (Depths:3 Depths:5)
  A caustic shrike (Depths:1)
  Xtahua (Depths:4)
  2 golden dragons (Vaults:5)
  the Enchantress (Depths:3)
  Nikola (Depths:3)
  A profane servitor (Crypt:3)
  3 bone dragons
  An iron giant (shapeshifter) (Vaults:5)
  15 tentacled monstrosities
  4 quicksilver dragons
  6 liches
  5 deep elf blademasters
  20 titans
  A kraken (Shoals:4)
  3 deep elf master archers
  An eldritch tentacle (Tomb:1)
  3 ancient champions (Crypt:1)
  12 sphinxes
  2 death cobs (Zot:1)
  5 storm dragons
  Kirke (Spider:1)
  Donald (Shoals:1)
  8 tengu reavers
  A draconian monk (Zot:1)
  6 shadow dragons
  Ilsuiw (Shoals:3)
  3 revenants
  20 fire giants
  2 deep elf sorcerers
  A draconian knight (Zot:1)
  A draconian scorcher (Zot:1)
  17 frost giants
  An iron dragon (Vaults:5)
  6 ghost moths
  Louise (D:15)
  Aizul (Shoals:3)
  A draconian shifter (Depths:5)
  11 vault wardens
  2 draconian stormcallers
  5 ghouls (Crypt:3)
  2 curse skulls
  5 emperor scorpions
  3 spriggan defenders (Depths:3)
  15 ironheart preservers
  2 deep elf elementalists (Vaults:5)
  7 very ugly things
  25 stone giants
  A war gargoyle (Vaults:5)
  A juggernaut skeleton (Crypt:1)
  3 vampire knights
  8 entropy weavers
  14 black draconians
  A bennu (Tomb:1)
  A stone giant (shapeshifter) (Depths:1)
  2 deep elf demonologists (Vaults:2)
  7 green draconians
  3 white draconians
  10 yellow draconians
  2 deep elf annihilators (Vaults:5)
  3 red draconians
  A minotaur (Depths:3)
  10 eidola
  Azrael (Lair:3)
  12 spark wasps
  6 purple draconians
  A crystal guardian (Vaults:3)
  4 quicksilver dragon zombies
  2 deep elf death magi
  7 merfolk javelineers
  A blizzard demon (Spider:3)
  8 jiangshi
  Josephine (D:12)
  11 ettins
  13 yaktaur captains
  2 deep elf high priests
  Snorg (D:12)
  16 fire dragons
  6 mummy priests
  8 merfolk impalers
  7 great orbs of eyes
  7 rakshasas
  31 vault guards
  Erolcha (Orc:2)
  10 ice dragons
  11 hydras
  5 catoblepae (Lair:6)
  A hell beast (Depths:1)
  5 spriggan air magi
  4 merfolk aquamancers
  8 merfolk avatars
  11 centaur warriors
  2 anacondas (shapeshifter) (Vaults:5)
  7 death knights
  3 alligator snapping turtles
  7 deep troll shamans
  48 two-headed ogres
  3 satyrs
  19 death scarabs
  A satyr (shapeshifter) (Vaults:4)
  20 death yaks
  3 tengu warriors
  5 vampire magi
  A dancing weapon (Vaults:5)
  8 deep troll earth magi
  4 sun demons (Depths:1)
  14 ogre magi
  A shock serpent (shapeshifter) (Vaults:1)
  A titan zombie (Depths:2)
  2 spriggan berserkers
  A storm dragon zombie (Depths:3)
  10 deep elf knights
  4 iron trolls
  A titan skeleton (Crypt:1)
  34 skeletal warriors
  2 golden dragon zombies
  An entropy weaver zombie (Crypt:1)
  A salamander mystic (Depths:5)
  2 anaconda zombies (Crypt:3)
  5 glowing orange brains
  A shadow wraith (Vaults:4)
  2 wizards (D:13)
  4 flayed ghosts
  13 ironbrand convokers
  An unseen horror (shapeshifter) (Vaults:3)
  9 sea snakes
  24 deep trolls
  3 unseen horrors
  12 deep elf archers
  An obsidian statue (Depths:1)
  21 harpies
  An anaconda skeleton (Crypt:1)
  A lindwurm (shapeshifter) (Vaults:5)
  An iron dragon zombie (Crypt:3)
  25 phantasmal warriors
  5 necromancers
  16 orc knights
  16 wolf spiders
  13 orb spiders
  A wolf spider zombie (Crypt:3)
  26 deep elf magi
  30 ugly things
  A stone giant zombie (Vaults:4)
  12 cyclopes
  A frost giant zombie (Crypt:3)
  9 fauns
  4 fire giant zombies
  A frost giant skeleton (Vaults:3)
  3 shadow dragon skeletons
  8 orc sorcerers (Orc:2)
  5 moths of wrath
  A moth of wrath (shapeshifter) (Depths:3)
  12 manticores
  6 human skeletons (Vaults:3)
  2 guardian serpents (D:15)
  9 merfolk sirens
  Joseph (D:8)
  7 black mambas
  An elf zombie (Depths:2)
  5 water nymphs
  2 gargoyles
  10 vault sentinels
  2 salamanders (Depths:5)
  3 eyes of devastation (Depths:2)
  2 torpor snails
  2 dire elephant zombies (Crypt:3)
  An orange demon (Depths:1)
  3 kobold demonologists
  Maggie (D:9)
  11 spiny frogs
  A spiny frog (shapeshifter) (D:14)
  34 yaktaurs
  A rime drake (Lair:5)
  A komodo dragon (shapeshifter) (Vaults:3)
  9 demonic crawlers
  11 freezing wraiths
  A red devil (Depths:1)
  13 komodo dragons
  A queen ant zombie (Crypt:1)
  8 tengu conjurers
  2 hydra zombies (Crypt:3)
  3 trolls (shapeshifter)
  34 merfolk
  9 trolls
  5 ice devils (Depths:1)
  A jumping spider (shapeshifter) (Vaults:3)
  A meliai (shapeshifter) (Vaults:1)
  6 guardian mummies
  35 jumping spiders
  A queen bee (shapeshifter) (Vaults:1)
  A queen bee (Depths:3)
  7 wind drakes
  2 polar bears (Lair:5)
  2 blink frogs (shapeshifter)
  A sphinx simulacrum (Depths:2)
  7 hornets
  21 blink frogs
  An ettin zombie (Crypt:3)
  12 hippogriffs
  A hydra skeleton (Crypt:1)
  A wind drake (shapeshifter) (Depths:2)
  2 alligator zombies
  12 snapping turtles
  23 dream sheep
  A dream sheep (shapeshifter) (Vaults:3)
  44 slime creatures
  A snapping turtle (shapeshifter) (D:15)
  A frost giant simulacrum (Crypt:1)
  A fire dragon zombie (Crypt:3)
  Sigmund (D:5)
  A stone giant simulacrum (Vaults:1)
  14 flying skulls (Tomb:1)
  82 redbacks
  A vampire (D:15)
  2 spriggans
  An ettin skeleton (Tomb:1)
  2 shadows
  2 wyverns
  18 water elementals
  32 tarantellas
  A tarantella (shapeshifter) (Vaults:4)
  5 ushabtiu
  14 wraiths
  5 basilisks
  3 fire elementals (Lair:3)
  A hungry ghost (D:12)
  56 yaks
  3 hogs (Spider:1)
  3 golden eyes (Depths:2)
  A golden eye (shapeshifter) (Vaults:5)
  20 humans (D:13)
  An emperor scorpion simulacrum (Crypt:1)
  8 vampire mosquitoes
  6 wargs
  A merfolk zombie (Crypt:3)
  A spiny frog zombie (Crypt:3)
  5 hell hounds
  9 water moccasins
  A spiny frog skeleton (Crypt:2)
  3 floating eyes
  12 porcupines
  2 phantoms
  4 ice beasts
  28 orc warriors
  6 sky beasts
  A dream sheep zombie (Crypt:1)
  2 black bears
  A manticore zombie (Crypt:3)
  12 wolves
  10 centaurs
  2 eyes of draining
  A tengu (shapeshifter) (Depths:2)
  7 boggarts
  An elf skeleton (Vaults:3)
  13 necrophages (Crypt:3)
  26 ogres
  A snapping turtle skeleton (Crypt:2)
  15 crocodiles
  Blork the orc (D:6)
  5 big kobolds
  A big kobold (shapeshifter) (Vaults:1)
  21 bullfrogs
  A wyvern zombie (D:12)
  9 wyvern skeletons
  A scorpion (D:14)
  2 human simulacra
  2 orc simulacra (Vaults:2)
  23 killer bees
  14 wights
  A spriggan skeleton (Crypt:1)
  4 electric eels
  21 crimson imps
  5 howler monkeys
  35 orc wizards
  A quasit (D:10)
  3 bullfrog zombies
  4 jellies
  12 orc priests
  4 hounds
  2 human zombies
  A bullfrog skeleton (D:12)
  3 centaur skeletons
  7 iron imps (Depths:1)
  2 iguanas
  Terence (D:2)
  8 worker ants
  A felid zombie (Crypt:1)
  A tengu skeleton (Crypt:2)
  2 hound zombies
  A hound skeleton (Crypt:2)
  17 mummies
  A worker ant zombie (D:5)
  2 howler monkey zombies
  12 adders
  4 gnolls
  5 shadow imps
  14 white imps
  An iguana skeleton (Crypt:2)
  An adder zombie (D:7)
  3 worms
  5 leopard geckos
  99 orcs
  5 bats
  A bat skeleton (Crypt:1)
  2 giant cockroaches
  3 goblins
  4 hobgoblins
  9 jackals
  12 kobolds
  3 quokkas
  2 ball pythons
  4 frilled lizards
  A goblin zombie (Ossuary)
  4 jackal zombies
  A kobold zombie (Ossuary)
  2 leopard gecko skeletons
  2 leopard gecko zombies
  An orc zombie (Ossuary)
  A quokka skeleton (D:5)
  2 rats
  4 rat zombies (Ossuary)
  4 fungi
  13 plants
  4 tentacles (Shoals:4)
2285 creatures vanquished.

Vanquished Creatures (collateral kills)
  A greater mummy (Tomb:1)
  A lich (Tomb:1)
  A bennu (Tomb:1)
  A death scarab (Tomb:2)
  A deep elf knight (Crypt:3)
  A flayed ghost (Crypt:3)
  A guardian mummy (Tomb:2)
  An ice dragon skeleton (Tomb:1)
  A water moccasin skeleton (Crypt:2)
  3 mummies
12 creatures vanquished.

Vanquished Creatures (others)
  A titan (Crypt:3)
  A fire giant (Tomb:1)
  A tengu conjurer (Depths:2)
  A human (Spider:1)
  An ogre (Vaults:5)
  A jelly (D:12)
  A bullfrog skeleton (D:9)
  2 orc wizards (D:9)
  3 orcs
  12 fungi
  20 plants
  4 tentacles (Shoals:4)
  A withered plant (Crypt:3)
49 creatures vanquished.

Grand Total: 2346 creatures vanquished

Notes
Turn   | Place    | Note
-------+----------+-------------------------------------------
     0 | D:1      | gbos the Naga Fighter began the quest for the Orb.
     0 | D:1      | Reached XP level 1. HP: 21/21 MP: 1/1
     0 | D:1      | 0 ||| counter = 260
    62 | D:1      | 62 ||| INVOKING Spit Poison.
    80 | D:1      | 80 ||| INVOKING Spit Poison.
   290 | D:1      | 290 ||| INVOKING Spit Poison.
   297 | D:1      | Reached XP level 2. HP: 25/28 MP: 2/2
   345 | D:1      | 345 ||| INVOKING Spit Poison.
   346 | D:1      | 346 ||| INVOKING Spit Poison.
   489 | D:1      | 489 ||| INVOKING Spit Poison.
   567 | D:1      | 567 ||| INVOKING Spit Poison.
   590 | D:1      | 590 ||| INVOKING Spit Poison.
   591 | D:1      | 591 ||| INVOKING Spit Poison.
   637 | D:1      | 637 ||| INVOKING Spit Poison.
   637 | D:1      | Reached skill level 3 in Axes
   766 | D:1      | 766 ||| UPGRADING to naga barding.
   771 | D:1      | 771 ||| READING 2 scrolls labeled FONY CIFOWN.
   772 | D:1      | 772 ||| DRINKING 2 fuming orange potions.
   773 | D:1      | 773 ||| DROPPING potion of degeneration.
   900 | D:2      | 900 ||| DROPPING +0 club.
   917 | D:2      | 917 ||| INVOKING Spit Poison.
   918 | D:2      | 918 ||| INVOKING Spit Poison.
   932 | D:2      | 932 ||| INVOKING Spit Poison.
   938 | D:2      | Reached XP level 3. HP: 32/34 MP: 3/3
   954 | D:2      | 954 ||| INVOKING Spit Poison.
   957 | D:2      | 957 ||| INVOKING Spit Poison.
  1076 | D:2      | Found a faded altar of an unknown god.
  1294 | D:2      | 1294 ||| INVOKING Spit Poison.
  1554 | D:2      | 1554 ||| READING 2 scrolls labeled URCHOG SESHRIN.
  1555 | D:2      | 1555 ||| UPGRADING to whip.
  1556 | D:2      | 1556 ||| SWAPPING to +0 war axe.
  1557 | D:2      | 1557 ||| READING 2 scrolls labeled RAIGRO KALIRYLO.
  1560 | D:2      | 1560 ||| DRINKING 2 yellow potions.
  1561 | D:2      | 1561 ||| DRINKING 2 red potions.
  1562 | D:2      | 1562 ||| DROPPING potion of flight.
  1571 | D:3      | Noticed Terence
  1572 | D:3      | 1572 ||| STAIRDANCE
  1584 | D:3      | 1584 ||| STAIRDANCE
  1592 | D:2      | Killed Terence
  1592 | D:2      | Reached XP level 4. HP: 42/42 MP: 4/4
  1600 | D:2      | 1600 ||| UPGRADING to +2 chain mail of cold resistance.
  1610 | D:2      | 1610 ||| DROPPING +0 scale mail.
  1632 | D:3      | 1632 ||| INVOKING Spit Poison.
  1674 | D:3      | 1674 ||| INVOKING Spit Poison.
  1686 | D:3      | 1686 ||| INVOKING Spit Poison.
  1707 | D:3      | 1707 ||| INVOKING Spit Poison.
  1713 | D:3      | 1713 ||| INVOKING Spit Poison.
  1723 | D:3      | 1723 ||| INVOKING Spit Poison.
  1737 | D:3      | 1737 ||| INVOKING Spit Poison.
  1739 | D:3      | 1739 ||| INVOKING Spit Poison.
  1755 | D:3      | 1755 ||| INVOKING Spit Poison.
  1761 | D:3      | 1761 ||| INVOKING Spit Poison.
  1847 | D:3      | 1847 ||| INVOKING Spit Poison.
  1878 | D:3      | 1878 ||| INVOKING Spit Poison.
  1881 | D:3      | 1881 ||| INVOKING Spit Poison.
  1937 | D:3      | 1937 ||| INVOKING Spit Poison.
  1945 | D:3      | Reached XP level 5. HP: 22/49 MP: 5/5
  2213 | D:3      | 2213 ||| INVOKING Spit Poison.
  2235 | D:3      | 2235 ||| INVOKING Spit Poison.
  2434 | D:3      | 2434 ||| READING scroll labeled FALUVE GAOPN.
  2435 | D:3      | 2435 ||| DRINKING 2 murky coppery potions.
  2475 | D:3      | 2475 ||| READING 2 scrolls of identify.
  2475 | D:3      | 2475 ||| IDENTIFYING bubbling white potion
  2476 | D:3      | 2476 ||| DROPPING potion of lignification.
  2542 | D:4      | 2542 ||| INVOKING Spit Poison.
  2589 | D:4      | 2589 ||| INVOKING Spit Poison.
  2639 | D:4      | 2639 ||| INVOKING Spit Poison.
  2640 | D:4      | 2640 ||| INVOKING Spit Poison.
  2645 | D:4      | Reached skill level 6 in Axes
  2662 | D:4      | 2662 ||| INVOKING Spit Poison.
  2663 | D:4      | 2663 ||| INVOKING Spit Poison.
  2697 | D:4      | Reached XP level 6. HP: 56/56 MP: 6/6
  2717 | D:4      | Noticed a phantom
  2753 | D:4      | Killed a phantom
  2855 | D:4      | HP: 10/56 [orc priest/divine providence (8)]
  2856 | D:4      | 2856 ||| READING scroll of teleportation.
  2857 | D:4      | 2857 ||| DRINKING potion of heal wounds.
  2950 | D:4      | 2950 ||| INVOKING Spit Poison.
  2977 | D:4      | 2977 ||| INVOKING Spit Poison.
  2992 | D:4      | 2992 ||| INVOKING Spit Poison.
  3001 | D:4      | 3001 ||| INVOKING Spit Poison.
  3024 | D:4      | 3024 ||| INVOKING Spit Poison.
  3025 | D:4      | 3025 ||| INVOKING Spit Poison.
  3124 | D:4      | 3124 ||| INVOKING Spit Poison.
  3125 | D:4      | 3125 ||| INVOKING Spit Poison.
  3386 | D:4      | Reached XP level 7. HP: 45/62 MP: 7/7
  3520 | D:4      | 3520 ||| READING scroll labeled SAWKIRGHAJE.
  3547 | D:4      | 3547 ||| INVOKING Spit Poison.
  3573 | D:4      | 3573 ||| INVOKING Spit Poison.
  3597 | D:5      | Entered Level 5 of the Dungeon
  3715 | D:5      | 3715 ||| INVOKING Spit Poison.
  3717 | D:5      | 3717 ||| INVOKING Spit Poison.
  3763 | D:5      | 3763 ||| INVOKING Spit Poison.
  3787 | D:5      | 3787 ||| DROPPING +0 whip.
  3788 | D:5      | 3788 ||| UPGRADING to flail.
  3789 | D:5      | 3789 ||| SWAPPING to +0 war axe.
  3801 | D:5      | Noticed Sigmund
  3814 | D:5      | Killed Sigmund
  3814 | D:5      | Reached skill level 4 in Fighting
  3831 | D:5      | Found a staircase to the Ecumenical Temple.
  3839 | D:5      | 3839 ||| INVOKING Spit Poison.
  3840 | D:5      | 3840 ||| INVOKING Spit Poison.
  3841 | D:5      | 3841 ||| INVOKING Spit Poison.
  3850 | D:5      | Reached XP level 8. HP: 73/73 MP: 8/8
  3855 | Temple   | Entered the Ecumenical Temple
  3856 | Temple   | 3856 ||| Entered T.
  3861 | Temple   | Became a worshipper of Warmaster Okawaru
  3997 | Temple   | 3997 ||| READING scroll labeled FUALEY TOLI.
  4019 | D:5      | 4019 ||| INVOKING Spit Poison.
  4040 | D:5      | Reached skill level 1 in Dodging
  4183 | D:5      | Found a transporter.
  4291 | D:5      | Reached skill level 3 in Shields
  4352 | D:5      | Noticed gbos's ghost (novice GrFi)
  4405 | D:5      | 4405 ||| UPGRADING to runed ring mail.
  4415 | D:5      | 4415 ||| UPGRADING to +2 chain mail of cold resistance.
  4425 | D:5      | 4425 ||| DROPPING +0 ring mail of cold resistance.
  4426 | D:5      | 4426 ||| UPGRADING to agate ring.
  4427 | D:5      | 4427 ||| REMOVING ring of wizardry.
  4428 | D:5      | 4428 ||| DROPPING ring of wizardry.
  4450 | D:5      | 4450 ||| EATING 10 rations.
  4461 | D:6      | 4461 ||| INVOKING Spit Poison.
  4484 | D:6      | Noticed Blork the orc
  4496 | D:6      | Killed Blork the orc
  4496 | D:6      | Reached * piety under Okawaru
  4496 | D:6      | Reached skill level 9 in Axes
  4505 | D:6      | 4505 ||| STAIRDANCE
  4711 | D:6      | 4711 ||| INVOKING Spit Poison.
  4712 | D:6      | 4712 ||| INVOKING Spit Poison.
  4720 | D:6      | Found a sand-covered staircase.
  4722 | D:6      | 4722 ||| Found Ossuary.
  4731 | D:6      | 4731 ||| INVOKING Spit Poison.
  4737 | Ossuary  | Entered an ossuary
  4738 | Ossuary  | 4738 ||| Entered Ossuary.
  4738 | Ossuary  | 4738 ||| INVOKING Heroism.
  4749 | Ossuary  | Reached skill level 1 in Invocations
  4807 | Ossuary  | 4807 ||| READING 2 scrolls of enchant weapon.
  4807 | Ossuary  | 4807 ||| ENCHANTING +1 war axe.
  4808 | Ossuary  | 4808 ||| READING scroll of enchant weapon.
  4808 | Ossuary  | 4808 ||| ENCHANTING +2 war axe.
  4953 | Ossuary  | 4953 ||| SWAPPING to broad axe.
  4954 | Ossuary  | 4954 ||| DROPPING +3 war axe.
  4955 | Ossuary  | 4955 ||| READING scroll labeled NUVISU CEEVOSS.
  4956 | Ossuary  | 4956 ||| READING scroll labeled XOIZEL FAEGURGH.
  4957 | Ossuary  | 4957 ||| READING 2 scrolls labeled SUURYU JOMEDGH.
  4979 | Ossuary  | 4979 ||| DRINKING 2 glowing black potions.
  5018 | Ossuary  | 5018 ||| READING 2 scrolls of identify.
  5018 | Ossuary  | 5018 ||| IDENTIFYING fizzy silvery potion
  5019 | Ossuary  | 5019 ||| DROPPING potion of berserk rage.
  5020 | Ossuary  | 5020 ||| DROPPING scroll of silence.
  5070 | D:6      | 5070 ||| INVOKING Spit Poison.
  5071 | D:6      | 5071 ||| INVOKING Spit Poison.
  5137 | D:6      | 5137 ||| INVOKING Spit Poison.
  5138 | D:6      | 5138 ||| INVOKING Spit Poison.
  5158 | D:6      | Found a burning altar of Makhleb.
  5159 | D:6      | Found an ornate altar of the Wu Jian Council.
  5161 | D:6      | Found a shadowy altar of Dithmenos.
  5213 | D:6      | Found a runed translucent door.
  5214 | D:6      | 5214 ||| INVOKING Heroism.
  5215 | D:6      | 5215 ||| INVOKING Spit Poison.
  5215 | D:6      | Noticed gbos's ghost (novice NaFi)
  5263 | D:6      | Reached skill level 5 in Fighting
  5377 | D:6      | Found a bloodstained altar of Trog.
  5400 | D:6      | Reached skill level 3 in Armour
  5450 | D:6      | 5450 ||| INVOKING Heroism.
  5472 | D:6      | Reached XP level 9. HP: 67/81 MP: 10/10
  5567 | D:6      | Found a runed translucent door.
  5722 | D:6      | 5722 ||| UPGRADING to cloak.
  5727 | D:6      | 5727 ||| UPGRADING to ring of protection from fire.
  5728 | D:6      | 5728 ||| READING scroll labeled UTRAMA POWN.
  5729 | D:6      | 5729 ||| READING scroll labeled JAIDOCR MAAC.
  5730 | D:6      | 5730 ||| READING scroll labeled KEMYLASAFO HOIWI.
  5731 | D:6      | 5731 ||| DRINKING 2 sapphire potions.
  5732 | D:6      | 5732 ||| READING 2 scrolls of identify.
  5732 | D:6      | 5732 ||| IDENTIFYING fuming green potion
  5733 | D:6      | 5733 ||| DROPPING potion of brilliance.
  5734 | D:6      | 5734 ||| DROPPING potion of invisibility.
  5767 | D:7      | Reached skill level 3 in Invocations
  5813 | D:7      | 5813 ||| INVOKING Heroism.
  5815 | D:7      | 5815 ||| INVOKING Spit Poison.
  5875 | D:7      | 5875 ||| INVOKING Heroism.
  5934 | D:7      | 5934 ||| DROPPING +0 flail.
  5979 | D:7      | 5979 ||| INVOKING Spit Poison.
  5996 | D:7      | 5996 ||| INVOKING Spit Poison.
  6004 | D:7      | Reached ** piety under Okawaru
  6048 | D:7      | 6048 ||| INVOKING Spit Poison.
  6053 | D:7      | 6053 ||| INVOKING Heroism.
  6132 | D:7      | 6132 ||| INVOKING Spit Poison.
  6180 | D:7      | 6180 ||| INVOKING Heroism.
  6292 | D:7      | 6292 ||| INVOKING Heroism.
  6331 | D:7      | 6331 ||| INVOKING Heroism.
  6333 | D:7      | Reached skill level 6 in Fighting
  6535 | D:7      | 6535 ||| INVOKING Spit Poison.
  6588 | D:7      | 6588 ||| INVOKING Spit Poison.
  6646 | D:7      | 6646 ||| READING scroll of enchant weapon.
  6646 | D:7      | 6646 ||| ENCHANTING +0 broad axe.
  6656 | D:7      | 6656 ||| UPGRADING to helmet.
  6661 | D:7      | 6661 ||| READING scroll labeled FIJIUNTOTHI.
  6662 | D:7      | 6662 ||| READING scroll labeled GOTUJ JAFEN LEAJI.
  6810 | D:8      | 6810 ||| READING scroll of enchant weapon.
  6810 | D:8      | 6810 ||| ENCHANTING +1 broad axe.
  6846 | D:8      | 6846 ||| INVOKING Spit Poison.
  6860 | D:8      | Noticed Joseph
  6883 | D:8      | Killed Joseph
  6883 | D:8      | Reached XP level 10. HP: 90/91 MP: 13/13
  7019 | D:8      | 7019 ||| INVOKING Spit Poison.
  7473 | D:9      | 7473 ||| EATING 17 rations.
  7480 | D:9      | Found a glowing silver altar of Zin.
  7480 | D:9      | Noticed an angel
  7481 | D:9      | Noticed a two-headed ogre
  7484 | D:9      | 7484 ||| INVOKING Heroism.
  7490 | D:9      | Killed a two-headed ogre
  7490 | D:9      | Reached *** piety under Okawaru
  7490 | D:9      | Reached skill level 7 in Fighting
  7513 | D:9      | 7513 ||| INVOKING Heroism.
  7528 | D:9      | Found a shimmering altar of Xom.
  7540 | D:9      | Reached **** piety under Okawaru
  7541 | D:9      | 7541 ||| INVOKING Heroism.
  7570 | D:9      | 7570 ||| STAIRDANCE
  7800 | D:9      | 7800 ||| INVOKING Spit Poison.
  7801 | D:9      | 7801 ||| INVOKING Spit Poison.
  8011 | D:9      | 8011 ||| INVOKING Spit Poison.
  8016 | D:9      | Found Lempej's Distillery.
  8017 | D:9      | 8017 ||| INVOKING Spit Poison.
  8025 | D:9      | 8025 ||| INVOKING Heroism.
  8032 | D:9      | 8032 ||| INVOKING Spit Poison.
  8056 | D:9      | Bought a potion of curing for 36 gold pieces
  8056 | D:9      | Bought 2 potions of curing for 72 gold pieces
  8056 | D:9      | Bought a potion of curing for 36 gold pieces
  8056 | D:9      | Bought 2 potions of curing for 72 gold pieces
  8064 | D:9      | Noticed Maggie
  8081 | D:9      | 8081 ||| INVOKING Heroism.
  8086 | D:9      | Killed Maggie
  8303 | D:9      | 8303 ||| INVOKING Spit Poison.
  8406 | D:9      | Found a staircase to the Lair.
  8408 | D:9      | 8408 ||| INVOKING Heroism.
  8409 | D:9      | 8409 ||| INVOKING Spit Poison.
  8410 | D:9      | 8410 ||| INVOKING Spit Poison.
  8411 | D:9      | 8411 ||| INVOKING Spit Poison.
  8412 | D:9      | 8412 ||| INVOKING Spit Poison.
  8413 | D:9      | 8413 ||| INVOKING Spit Poison.
  8414 | D:9      | 8414 ||| INVOKING Spit Poison.
  8415 | D:9      | 8415 ||| INVOKING Spit Poison.
  8416 | D:9      | 8416 ||| INVOKING Spit Poison.
  8417 | D:9      | 8417 ||| INVOKING Spit Poison.
  8418 | D:9      | 8418 ||| INVOKING Spit Poison.
  8428 | D:9      | 8428 ||| INVOKING Spit Poison.
  8429 | D:9      | 8429 ||| INVOKING Spit Poison.
  8430 | D:9      | 8430 ||| INVOKING Spit Poison.
  8431 | D:9      | 8431 ||| INVOKING Spit Poison.
  8432 | D:9      | 8432 ||| INVOKING Spit Poison.
  8433 | D:9      | 8433 ||| INVOKING Spit Poison.
  8434 | D:9      | 8434 ||| INVOKING Spit Poison.
  8435 | D:9      | 8435 ||| INVOKING Spit Poison.
  8436 | D:9      | 8436 ||| INVOKING Heroism.
  8437 | D:9      | 8437 ||| INVOKING Spit Poison.
  8438 | D:9      | 8438 ||| INVOKING Spit Poison.
  8550 | D:9      | 8550 ||| DRINKING 2 puce potions.
  8551 | D:9      | 8551 ||| DROPPING potion of stabbing.
  8606 | Lair:1   | Entered Level 1 of the Lair of Beasts
  8607 | Lair:1   | 8607 ||| Entered L.
  8619 | Lair:1   | Reached XP level 11. HP: 100/100 MP: 15/15
  8731 | Lair:1   | 8731 ||| INVOKING Spit Poison.
  8732 | Lair:1   | 8732 ||| INVOKING Spit Poison.
  8737 | Lair:1   | 8737 ||| INVOKING Heroism.
  8740 | Lair:1   | Noticed a five-headed hydra
  8741 | Lair:1   | Reached skill level 6 in Invocations
  8742 | Lair:1   | 8742 ||| INVOKING Spit Poison.
  8746 | Lair:1   | 8746 ||| SWAPPING to +0 morningstar.
  8755 | Lair:1   | 8755 ||| INVOKING Heroism.
  8755 | Lair:1   | HP: 19/100 [five-headed hydra (7)]
  8756 | Lair:1   | 8756 ||| READING 2 scrolls of teleportation.
  8756 | Lair:1   | HP: 9/100 [five-headed hydra (1)]
  8757 | Lair:1   | 8757 ||| DRINKING 2 potions of heal wounds.
  8758 | Lair:1   | 8758 ||| DRINKING potion of heal wounds.
  8759 | Lair:1   | 8759 ||| SWAPPING to +2 broad axe.
  8820 | Lair:1   | 8820 ||| INVOKING Heroism.
  8821 | Lair:1   | 8821 ||| SWAPPING to +0 morningstar.
  8826 | Lair:1   | Killed a five-headed hydra
  8827 | Lair:1   | 8827 ||| SWAPPING to +2 broad axe.
  9056 | Lair:1   | 9056 ||| EATING 17 rations.
  9060 | Lair:1   | 9060 ||| INVOKING Spit Poison.
  9061 | Lair:1   | 9061 ||| INVOKING Spit Poison.
  9066 | Lair:1   | 9066 ||| INVOKING Heroism.
  9071 | Lair:1   | 9071 ||| INVOKING Spit Poison.
  9271 | Lair:1   | 9271 ||| INVOKING Spit Poison.
  9280 | Lair:1   | Reached skill level 12 in Axes
  9398 | Lair:1   | 9398 ||| INVOKING Spit Poison.
  9403 | Lair:1   | Reached ***** piety under Okawaru
  9478 | Lair:1   | 9478 ||| INVOKING Spit Poison.
  9479 | Lair:1   | 9479 ||| INVOKING Spit Poison.
  9482 | Lair:1   | 9482 ||| INVOKING Spit Poison.
  9552 | Lair:1   | 9552 ||| INVOKING Heroism.
  9669 | Lair:1   | 9669 ||| INVOKING Spit Poison.
  9672 | Lair:1   | 9672 ||| INVOKING Spit Poison.
  9675 | Lair:1   | 9675 ||| INVOKING Heroism.
  9676 | Lair:1   | 9676 ||| INVOKING Spit Poison.
  9863 | Lair:1   | 9863 ||| UPGRADING to blackened citrine amulet.
  9864 | Lair:1   | 9864 ||| UPGRADING to ring of protection from fire.
  9865 | Lair:1   | 9865 ||| READING scroll labeled EFREFU QISOPP.
 10065 | Lair:2   | 10065 ||| INVOKING Heroism.
 10204 | Lair:2   | 10204 ||| INVOKING Spit Poison.
 10240 | Lair:2   | Got a translucent chain mail
 10248 | Lair:2   | 10248 ||| INVOKING Spit Poison.
 10268 | Lair:2   | 10268 ||| INVOKING Heroism.
 10279 | Lair:2   | Reached skill level 8 in Fighting
 10395 | Lair:2   | 10395 ||| INVOKING Heroism.
 10645 | Lair:2   | 10645 ||| INVOKING Spit Poison.
 10690 | Lair:2   | 10690 ||| READING scroll of enchant weapon.
 10690 | Lair:2   | 10690 ||| ENCHANTING +2 broad axe.
 10809 | Lair:2   | 10809 ||| INVOKING Heroism.
 10810 | Lair:2   | 10810 ||| INVOKING Spit Poison.
 10842 | Lair:2   | 10842 ||| INVOKING Spit Poison.
 10846 | Lair:2   | 10846 ||| INVOKING Heroism.
 10850 | Lair:2   | Received a gift from Okawaru
 10853 | Lair:2   | Reached skill level 9 in Invocations
 11010 | Lair:2   | Got a warped ring mail {god gift}
 11031 | Lair:2   | Noticed a six-headed hydra
 11032 | Lair:2   | 11032 ||| INVOKING Heroism.
 11033 | Lair:2   | 11033 ||| SWAPPING to +0 morningstar.
 11034 | Lair:2   | 11034 ||| INVOKING Finesse.
 11045 | Lair:2   | Killed a six-headed hydra
 11046 | Lair:2   | 11046 ||| SWAPPING to +3 broad axe.
 11150 | Lair:2   | Reached XP level 12. HP: 80/110 MP: 17/19
 11566 | Lair:2   | 11566 ||| UPGRADING to translucent chain mail.
 11576 | Lair:2   | Identified the +6 chain mail of Ajei {+Blink +Fly rCorr}
                  | (You found it on level 2 of the Lair of Beasts)
 11576 | Lair:2   | 11576 ||| DROPPING +2 chain mail of cold resistance.
 11577 | Lair:2   | 11577 ||| DROPPING +0 plate armour.
 11578 | Lair:2   | 11578 ||| DROPPING warped ring mail {god gift}.
 11579 | Lair:2   | 11579 ||| UPGRADING to tubular wooden ring.
 11581 | Lair:2   | 11581 ||| DROPPING wand of acid (7).
 11622 | Lair:3   | 11622 ||| STAIRDANCE
 11706 | Lair:3   | 11706 ||| EATING 21 rations.
 11748 | Lair:3   | Got an ebony flail
 11749 | Lair:3   | 11749 ||| UPGRADING to ebony flail.
 11749 | Lair:3   | Identified the +6 flail of Befuph {vorpal, Dex+2} (You
                  | found it on level 3 of the Lair of Beasts)
 11750 | Lair:3   | 11750 ||| SWAPPING to +3 broad axe.
 11751 | Lair:3   | 11751 ||| DROPPING +6 flail of Befuph {vorpal, Dex+2}.
 11785 | Lair:3   | Found a hole to the Spider Nest.
 11790 | Lair:3   | 11790 ||| DRINKING 11 potions of curing.
 11790 | Lair:3   | 11790 ||| (to cure confusion)
 11793 | Lair:3   | 11793 ||| DRINKING 10 potions of curing.
 11793 | Lair:3   | 11793 ||| (to cure confusion)
 11824 | Lair:3   | Noticed an eight-headed hydra
 11825 | Lair:3   | 11825 ||| INVOKING Heroism.
 11826 | Lair:3   | 11826 ||| INVOKING Finesse.
 11828 | Lair:3   | 11828 ||| SWAPPING to +0 morningstar.
 11836 | Lair:3   | Killed an eight-headed hydra
 11837 | Lair:3   | 11837 ||| SWAPPING to +3 broad axe.
 12075 | Lair:3   | 12075 ||| INVOKING Heroism.
 12396 | Lair:3   | 12396 ||| INVOKING Heroism.
 13016 | Lair:4   | 13016 ||| EATING 22 rations.
 13066 | Lair:4   | Found a staircase to the Shoals.
 13142 | Lair:4   | 13142 ||| INVOKING Heroism.
 13152 | Lair:4   | Reached skill level 6 in Shields
 13246 | Lair:4   | 13246 ||| INVOKING Heroism.
 13358 | Lair:4   | 13358 ||| INVOKING Heroism.
 13540 | Lair:4   | Reached skill level 6 in Armour
 13587 | Lair:4   | 13587 ||| INVOKING Heroism.
 13923 | Lair:4   | 13923 ||| UPGRADING to runed flail.
 13924 | Lair:4   | 13924 ||| SWAPPING to +3 broad axe.
 13925 | Lair:4   | 13925 ||| DROPPING +1 vorpal flail.
 13953 | Lair:4   | 13953 ||| UPGRADING to pair of glowing gloves.
 13979 | Lair:5   | Noticed a four-headed hydra
 13980 | Lair:5   | 13980 ||| INVOKING Heroism.
 13980 | Lair:5   | Noticed an eight-headed hydra
 13981 | Lair:5   | 13981 ||| STAIRDANCE
 13996 | Lair:5   | 13996 ||| STAIRDANCE
 13998 | Lair:4   | 13998 ||| SWAPPING to +0 morningstar.
 13999 | Lair:4   | 13999 ||| INVOKING Finesse.
 14010 | Lair:4   | Killed an eight-headed hydra
 14015 | Lair:4   | Killed a four-headed hydra
 14015 | Lair:4   | Reached skill level 9 in Fighting
 14016 | Lair:4   | 14016 ||| SWAPPING to +3 broad axe.
 14301 | Lair:5   | 14301 ||| STAIRDANCE
 14417 | Lair:5   | 14417 ||| STAIRDANCE
 14494 | Lair:5   | 14494 ||| STAIRDANCE
 14611 | Lair:5   | 14611 ||| STAIRDANCE
 14801 | Lair:5   | 14801 ||| INVOKING Heroism.
 14840 | Lair:5   | 14840 ||| INVOKING Heroism.
 14842 | Lair:5   | Noticed a death yak
 14842 | Lair:5   | Noticed a death yak
 14843 | Lair:5   | 14843 ||| INVOKING Finesse.
 14843 | Lair:5   | Noticed a death yak
 14854 | Lair:5   | Noticed a death yak
 14856 | Lair:5   | Noticed a death yak
 14859 | Lair:5   | Noticed a death yak
 14862 | Lair:5   | Killed a death yak
 14862 | Lair:5   | Gained mutation: You can use your snake-like lower body to
                  | constrict enemies. [Naga growth]
 14862 | Lair:5   | Reached XP level 13. HP: 75/121 MP: 14/20
 14881 | Lair:5   | Reached ****** piety under Okawaru
 14892 | Lair:5   | 14892 ||| INVOKING Heroism.
 14901 | Lair:5   | HP: 25/121 [yak (12)]
 14902 | Lair:5   | 14902 ||| READING 2 scrolls of teleportation.
 14903 | Lair:5   | 14903 ||| DRINKING potion of heal wounds.
 14910 | Lair:5   | Found a viscous altar of Jiyva.
 14910 | Lair:5   | Found a staircase to the Slime Pits.
 14950 | Lair:5   | 14950 ||| INVOKING Heroism.
 14999 | Lair:5   | 14999 ||| INVOKING Heroism.
 15311 | Lair:5   | 15311 ||| INVOKING Heroism.
 15359 | Lair:5   | 15359 ||| READING scroll of enchant weapon.
 15359 | Lair:5   | 15359 ||| ENCHANTING +3 broad axe.
 15549 | Lair:6   | Entered Level 6 of the Lair of Beasts
 15553 | Lair:6   | 15553 ||| Stepping ~*~*~tactically~*~*~ (cloud).
 15556 | Lair:6   | 15556 ||| INVOKING Heroism.
 15557 | Lair:6   | 15557 ||| Stepping ~*~*~tactically~*~*~ (cloud).
 15558 | Lair:6   | 15558 ||| INVOKING Finesse.
 15559 | Lair:6   | 15559 ||| Stepping ~*~*~tactically~*~*~ (cloud).
 15561 | Lair:6   | 15561 ||| Stepping ~*~*~tactically~*~*~ (cloud).
 15578 | Lair:6   | Received a gift from Okawaru
 15604 | Lair:6   | Reached skill level 15 in Axes
 15754 | Lair:6   | 15754 ||| STAIRDANCE
 15907 | Lair:6   | Reached skill level 3 in Dodging
 15919 | Lair:6   | 15919 ||| INVOKING Heroism.
 15966 | Lair:6   | 15966 ||| SWAPPING to glowing broad axe {god gift}.
 15967 | Lair:6   | 15967 ||| DROPPING +4 broad axe.
 15968 | Lair:6   | 15968 ||| DROPPING +0 morningstar.
 16026 | Lair:6   | 16026 ||| INVOKING Heroism.
 16040 | Lair:6   | Reached skill level 10 in Fighting
 16087 | Lair:6   | 16087 ||| INVOKING Heroism.
 16087 | Lair:6   | Received a gift from Okawaru
 16107 | Lair:6   | 16107 ||| Stepping ~*~*~tactically~*~*~ (cloud).
 16109 | Lair:6   | 16109 ||| Stepping ~*~*~tactically~*~*~ (cloud).
 16154 | Lair:6   | Got a twisted tower shield {god gift}
 16248 | Lair:6   | 16248 ||| INVOKING Heroism.
 16330 | Lair:6   | 16330 ||| INVOKING Heroism.
 16342 | Lair:6   | Reached XP level 14. HP: 108/132 MP: 19/21
 16424 | Lair:6   | 16424 ||| INVOKING Heroism.
 16457 | Lair:6   | 16457 ||| INVOKING Heroism.
 16642 | Lair:6   | 16642 ||| Stepping ~*~*~tactically~*~*~ (cloud).
 16643 | Lair:6   | 16643 ||| INVOKING Heroism.
 16645 | Lair:6   | 16645 ||| Stepping ~*~*~tactically~*~*~ (cloud).
 16649 | Lair:6   | 16649 ||| Stepping ~*~*~tactically~*~*~ (cloud).
 16650 | Lair:6   | 16650 ||| Stepping ~*~*~tactically~*~*~ (cloud).
 16715 | Lair:6   | 16715 ||| INVOKING Heroism.
 16716 | Lair:6   | 16716 ||| Stepping ~*~*~tactically~*~*~ (cloud).
 16721 | Lair:6   | 16721 ||| Stepping ~*~*~tactically~*~*~ (cloud).
 16760 | Lair:6   | 16760 ||| INVOKING Heroism.
 16761 | Lair:6   | 16761 ||| INVOKING Finesse.
 16834 | Lair:6   | 16834 ||| INVOKING Heroism.
 16846 | Lair:6   | 16846 ||| INVOKING Finesse.
 16996 | Lair:6   | 16996 ||| INVOKING Heroism.
 16997 | Lair:6   | 16997 ||| INVOKING Finesse.
 17030 | Lair:6   | 17030 ||| INVOKING Finesse.
 17103 | Lair:6   | 17103 ||| INVOKING Heroism.
 17118 | Lair:6   | 17118 ||| Stepping ~*~*~tactically~*~*~ (cloud).
 17236 | Lair:6   | 17236 ||| INVOKING Heroism.
 17530 | Lair:6   | Received a gift from Okawaru
 17592 | Lair:6   | 17592 ||| INVOKING Heroism.
 17963 | Lair:6   | 17963 ||| UPGRADING to twisted tower shield {god gift}.
 17973 | Lair:6   | Identified the -5 tower shield "Iteon" {*Contam rElec rF+
                  | rC+} (Okawaru gifted it to you on level 6 of the Lair of
                  | Beasts)
 17973 | Lair:6   | 17973 ||| DROPPING +0 kite shield.
 17974 | Lair:6   | 17974 ||| UPGRADING to runed hat {god gift}.
 17984 | Lair:6   | 17984 ||| DROPPING +0 helmet.
 17985 | Lair:6   | 17985 ||| UPGRADING to runed helmet.
 17995 | Lair:6   | 17995 ||| DROPPING +2 hat of magic resistance.
 17996 | Lair:6   | 17996 ||| READING scroll labeled GOFRIPPYSAGG.
 18103 | D:10     | Entered Level 10 of the Dungeon
 18205 | D:10     | 18205 ||| INVOKING Heroism.
 18645 | D:10     | 18645 ||| UPGRADING to wooden ring.
 18647 | D:10     | 18647 ||| UPGRADING to ring of protection from fire.
 18673 | D:11     | Found a staircase to the Orcish Mines.
 18796 | D:11     | 18796 ||| SWAPPING to glowing war axe.
 18797 | D:11     | 18797 ||| READING 4 scrolls of remove curse.
 18798 | D:11     | 18798 ||| SWAPPING to +2 broad axe of flaming.
 18799 | D:11     | 18799 ||| DROPPING -3 war axe.
 18919 | D:11     | 18919 ||| INVOKING Heroism.
 19264 | D:11     | 19264 ||| READING scroll labeled XUAVUFOWIY.
 19275 | D:12     | 19275 ||| STAIRDANCE
 19406 | D:12     | Noticed Snorg
 19407 | D:12     | 19407 ||| INVOKING Finesse.
 19412 | D:12     | Killed Snorg
 19555 | D:12     | 19555 ||| EATING 31 rations.
 19766 | D:12     | 19766 ||| INVOKING Heroism.
 19776 | D:12     | Reached XP level 15. HP: 138/138 MP: 20/22
 20058 | D:12     | Reached skill level 9 in Armour
 20170 | D:12     | Noticed Josephine
 20179 | D:12     | 20179 ||| INVOKING Heroism.
 20180 | D:12     | Killed Josephine
 20192 | D:12     | 20192 ||| Stepping ~*~*~tactically~*~*~ (cloud).
 20512 | D:12     | 20512 ||| UPGRADING to twisted coral ring.
 20514 | D:12     | 20514 ||| REMOVING ring of resist corrosion.
 20515 | D:12     | 20515 ||| UPGRADING to ring of protection from fire.
 20526 | D:13     | Found a transporter.
 20527 | D:13     | 20527 ||| INVOKING Heroism.
 20545 | D:13     | Received a gift from Okawaru
 20545 | D:13     | Reached skill level 9 in Shields
 20622 | D:13     | 20622 ||| INVOKING Heroism.
 20661 | D:13     | Noticed Diongodu's ghost (journeyman MiBe)
 20662 | D:13     | 20662 ||| INVOKING Heroism.
 20663 | D:13     | 20663 ||| INVOKING Finesse.
 20712 | D:13     | 20712 ||| INVOKING Finesse.
 20713 | D:13     | 20713 ||| READING scroll of enchant armour.
 20713 | D:13     | 20713 ||| ENCHANTING +0 naga barding.
 20743 | D:13     | Got a glittering lead ring
 20744 | D:13     | 20744 ||| INVOKING Heroism.
 20758 | D:13     | Found a transporter.
 20767 | D:13     | 20767 ||| INVOKING Finesse.
 20808 | D:13     | 20808 ||| INVOKING Heroism.
 20832 | D:13     | 20832 ||| INVOKING Heroism.
 20833 | D:13     | 20833 ||| INVOKING Finesse.
 20941 | D:13     | 20941 ||| INVOKING Heroism.
 21212 | D:13     | 21212 ||| INVOKING Heroism.
 21217 | D:13     | Reached skill level 11 in Fighting
 21281 | D:13     | 21281 ||| INVOKING Heroism.
 21318 | D:13     | 21318 ||| INVOKING Heroism.
 21417 | D:13     | Found a gate to the Vaults.
 21418 | D:13     | 21418 ||| INVOKING Heroism.
 21426 | D:13     | Received a gift from Okawaru
 21651 | D:13     | 21651 ||| INVOKING Heroism.
 21774 | D:13     | 21774 ||| UPGRADING to glowing helmet.
 21784 | D:13     | 21784 ||| UPGRADING to +2 helmet.
 21794 | D:13     | 21794 ||| DROPPING +0 helmet of intelligence.
 21795 | D:13     | 21795 ||| UPGRADING to embroidered cloak {god gift}.
 21805 | D:13     | 21805 ||| DROPPING +0 cloak.
 21806 | D:13     | 21806 ||| UPGRADING to glittering lead ring.
 21807 | D:13     | Identified the ring of the Evil One {rC+ Str+6 Dex+3} (You
                  | found it on level 13 of the Dungeon)
 21808 | D:13     | 21808 ||| READING 10 scrolls of identify.
 21808 | D:13     | 21808 ||| IDENTIFYING smoky purple potion
 21809 | D:13     | 21809 ||| DROPPING potion of magic.
 22166 | D:14     | 22166 ||| INVOKING Heroism.
 22430 | D:14     | Found a flickering gateway to a bazaar.
 22431 | D:14     | 22431 ||| Found Bazaar.
 22439 | Bazaar   | Entered a bazaar
 22440 | Bazaar   | 22440 ||| Entered Bazaar.
 22447 | Bazaar   | Found Majan's Book Shop.
 22460 | Bazaar   | Found Xaezaaco's Jewellery Shop.
 22487 | D:14     | 22487 ||| Found Bazaar.
 23009 | D:14     | Reached skill level 18 in Axes
 23091 | D:15     | Entered Level 15 of the Dungeon
 23092 | D:15     | 23092 ||| STAIRDANCE
 23096 | D:15     | 23096 ||| STAIRDANCE
 23243 | D:15     | 23243 ||| INVOKING Heroism.
 23252 | D:15     | Noticed Louise
 23255 | D:15     | 23255 ||| INVOKING Finesse.
 23262 | D:15     | Killed Louise
 23262 | D:15     | Received a gift from Okawaru
 23262 | D:15     | Reached XP level 16. HP: 146/150 MP: 17/23
 23291 | D:15     | 23291 ||| INVOKING Heroism.
 23590 | D:15     | Identified the ring "Olegg" {rPois rF+ MR++ Str+4 Int-4}
 23807 | D:15     | 23807 ||| INVOKING Heroism.
 23811 | D:15     | Reached skill level 12 in Fighting
 23988 | D:15     | Received a gift from Okawaru
 24007 | D:15     | 24007 ||| INVOKING Heroism.
 24025 | D:15     | Found a staircase to the Depths.
 24218 | D:15     | 24218 ||| UPGRADING to glowing naga barding {god gift}.
 24228 | D:15     | 24228 ||| DROPPING +1 naga barding.
 24229 | D:15     | 24229 ||| DROPPING ring of protection from fire.
 24230 | D:15     | 24230 ||| DROPPING ring of positive energy.
 24231 | D:15     | 24231 ||| DROPPING ring of resist corrosion.
 24232 | D:15     | 24232 ||| UPGRADING to ring "Olegg" {rPois rF+ MR++ Str+4
                  | Int-4}.
 24234 | D:15     | 24234 ||| UPGRADING to +0 tower shield.
 24244 | D:15     | 24244 ||| UPGRADING to shiny silver ring.
 24246 | D:15     | 24246 ||| DROPPING ring of protection from magic.
 24247 | D:15     | 24247 ||| UPGRADING to ring of the Evil One {rC+ Str+6
                  | Dex+3}.
 24295 | D:15     | Gained mutation: You are robust. (+10% HP) [mutagenic glow]
 24356 | Orc:1    | Entered Level 1 of the Orcish Mines
 24357 | Orc:1    | 24357 ||| Entered O.
 24365 | Orc:1    | 24365 ||| EATING 43 rations.
 24453 | Orc:2    | Entered Level 2 of the Orcish Mines
 24454 | Orc:2    | 24454 ||| STAIRDANCE
 24463 | Orc:2    | 24463 ||| STAIRDANCE
 24474 | Orc:2    | 24474 ||| STAIRDANCE
 24485 | Orc:2    | 24485 ||| INVOKING Heroism.
 24493 | Orc:2    | Found a staircase to the Elven Halls.
 24559 | Orc:2    | 24559 ||| INVOKING Heroism.
 24792 | Orc:2    | 24792 ||| INVOKING Heroism.
 24867 | Orc:2    | Found Mexaniag's Gadget Shoppe.
 24911 | Orc:2    | Found a radiant altar of Vehumet.
 24911 | Orc:2    | Noticed Erolcha
 24917 | Orc:2    | 24917 ||| INVOKING Heroism.
 24919 | Orc:2    | 24919 ||| INVOKING Finesse.
 24926 | Orc:2    | Killed Erolcha
 24972 | Orc:2    | Found Vaal Bih's Distillery.
 24986 | Orc:2    | Bought a potion of curing for 39 gold pieces
 24986 | Orc:2    | Bought a potion of heal wounds for 65 gold pieces
 24986 | Orc:2    | Bought a potion of heal wounds for 65 gold pieces
 24986 | Orc:2    | Bought a potion of resistance for 130 gold pieces
 24986 | Orc:2    | Bought a potion of curing for 39 gold pieces
 24996 | Orc:2    | Found an ancient bone altar of Kikubaaqudgha.
 24997 | Orc:2    | 24997 ||| INVOKING Heroism.
 25163 | Orc:2    | 25163 ||| INVOKING Heroism.
 25174 | Orc:2    | Found Caahetz's Gadget Boutique.
 25345 | Orc:2    | 25345 ||| INVOKING Heroism.
 25366 | Orc:2    | Found a roughly hewn altar of Beogh.
 25395 | Orc:2    | Found Inokire's Distillery.
 25403 | Orc:2    | Found Guymevoq's Antique Armour Shoppe.
 25406 | Orc:2    | Bought a potion of heal wounds for 65 gold pieces
 25406 | Orc:2    | Bought a potion of cancellation for 104 gold pieces
 25406 | Orc:2    | Bought a potion of mutation for 104 gold pieces
 25413 | Orc:2    | Bought a fine plate armour for 896 gold pieces
 25413 | Orc:2    | Bought a runed chain mail for 240 gold pieces
 25413 | Orc:2    | 25413 ||| UPGRADING to fine plate armour.
 25423 | Orc:2    | Identified the +1 plate armour "Cuoshiepi" {+Blink Str+4
                  | Slay+4} (You bought it in a shop on level 2 of the Orcish
                  | Mines)
 25423 | Orc:2    | 25423 ||| DROPPING +6 chain mail of Ajei {+Blink +Fly
                  | rCorr}.
 25424 | Orc:2    | 25424 ||| DROPPING runed chain mail.
 25796 | Spider:1 | Entered Level 1 of the Spider Nest
 25796 | Spider:1 | Noticed Azrael
 25797 | Spider:1 | 25797 ||| Entered N.
 25797 | Spider:1 | 25797 ||| INVOKING Heroism.
 25798 | Spider:1 | 25798 ||| STAIRDANCE
 25807 | Spider:1 | 25807 ||| STAIRDANCE
 25927 | Spider:1 | 25927 ||| STAIRDANCE
 25929 | Lair:3   | 25929 ||| INVOKING Heroism.
 25936 | Lair:3   | Killed Azrael
 26056 | Lair:3   | 26056 ||| EATING 42 rations.
 26060 | Spider:1 | 26060 ||| STAIRDANCE
 26062 | Lair:3   | 26062 ||| INVOKING Heroism.
 26189 | Spider:1 | Got a slimy plate armour
 26206 | Spider:1 | 26206 ||| INVOKING Finesse.
 26283 | Spider:1 | Noticed Kirke
 26285 | Spider:1 | 26285 ||| INVOKING Heroism.
 26296 | Spider:1 | 26296 ||| INVOKING Finesse.
 26303 | Spider:1 | Killed Kirke
 26328 | Spider:1 | 26328 ||| INVOKING Finesse.
 26329 | Spider:1 | Received a gift from Okawaru
 26358 | Spider:1 | 26358 ||| UPGRADING to slimy plate armour.
 26364 | Spider:1 | 26364 ||| INVOKING Heroism.
 26369 | Spider:1 | 26369 ||| INVOKING Finesse.
 26429 | Spider:1 | 26429 ||| INVOKING Heroism.
 26430 | Spider:1 | 26430 ||| INVOKING Finesse.
 26645 | Spider:1 | 26645 ||| UPGRADING to slimy plate armour.
 26655 | Spider:1 | Identified the +4 plate armour of Dice, Bag, and Bottle
                  | {Str+4 Int-4} (You found it on level 1 of the Spider Nest)
 26655 | Spider:1 | Lost intelligence.
 26658 | Spider:1 | 26658 ||| REMOVING ring "Olegg" {rPois rF+ MR++ Str+4
                  | Int-4}.
 26659 | Spider:1 | 26659 ||| UPGRADING to -5 tower shield "Iteon" {*Contam
                  | rElec rF+ rC+}.
 26669 | Spider:1 | 26669 ||| UPGRADING to +1 plate armour "Cuoshiepi" {+Blink
                  | Str+4 Slay+4}.
 26679 | Spider:1 | 26679 ||| DROPPING +4 plate armour of Dice, Bag, and Bottle
                  | {Str+4 Int-4}.
 26735 | Spider:1 | 26735 ||| READING scroll of enchant armour.
 26735 | Spider:1 | 26735 ||| ENCHANTING +1 naga barding of flying.
 26902 | Spider:1 | 26902 ||| UPGRADING to ring of protection from fire.
 26903 | Spider:1 | 26903 ||| UPGRADING to +0 tower shield.
 26913 | Spider:1 | 26913 ||| UPGRADING to ring "Olegg" {rPois rF+ MR++ Str+4
                  | Int-4}.
 26915 | Spider:1 | 26915 ||| READING 2 scrolls labeled AQOASOACV GULY.
 26916 | Spider:1 | 26916 ||| DROPPING scroll of fear.
 26927 | Spider:2 | 26927 ||| STAIRDANCE
 26935 | Spider:2 | 26935 ||| STAIRDANCE
 26975 | Spider:2 | 26975 ||| STAIRDANCE
 26990 | Spider:2 | 26990 ||| STAIRDANCE
 27037 | Spider:2 | 27037 ||| STAIRDANCE
 27045 | Spider:2 | 27045 ||| STAIRDANCE
 27089 | Spider:2 | 27089 ||| INVOKING Heroism.
 27096 | Spider:2 | Reached skill level 6 in Dodging
 27340 | Spider:2 | Reached XP level 17. HP: 169/174 MP: 24/24
 27356 | Spider:2 | 27356 ||| EATING 46 rations.
 27431 | Spider:2 | Identified Raenofea's Guide on Quantum Shape Shifting
 27457 | Spider:2 | 27457 ||| INVOKING Heroism.
 27482 | Spider:2 | 27482 ||| INVOKING Finesse.
 27536 | Spider:2 | 27536 ||| READING 3 scrolls of enchant weapon.
 27536 | Spider:2 | 27536 ||| ENCHANTING +2 broad axe of flaming.
 27537 | Spider:2 | 27537 ||| READING 2 scrolls of enchant weapon.
 27537 | Spider:2 | 27537 ||| ENCHANTING +3 broad axe of flaming.
 27538 | Spider:2 | 27538 ||| READING scroll of enchant weapon.
 27538 | Spider:2 | 27538 ||| ENCHANTING +4 broad axe of flaming.
 27702 | Spider:2 | 27702 ||| INVOKING Finesse.
 27743 | Spider:2 | 27743 ||| READING scroll of enchant weapon.
 27743 | Spider:2 | 27743 ||| ENCHANTING +5 broad axe of flaming.
 27923 | Spider:2 | 27923 ||| INVOKING Heroism.
 28008 | Spider:3 | 28008 ||| INVOKING Heroism.
 28011 | Spider:3 | 28011 ||| INVOKING Finesse.
 28018 | Spider:3 | Reached skill level 13 in Fighting
 28033 | Spider:3 | 28033 ||| STAIRDANCE
 28116 | Spider:3 | 28116 ||| INVOKING Finesse.
 28122 | Spider:3 | 28122 ||| STAIRDANCE
 28171 | Spider:3 | 28171 ||| INVOKING Finesse.
 28293 | Spider:3 | 28293 ||| INVOKING Heroism.
 28318 | Spider:3 | 28318 ||| DRINKING 2 potions of resistance.
 28336 | Spider:3 | 28336 ||| READING scroll of enchant weapon.
 28336 | Spider:3 | 28336 ||| ENCHANTING +6 broad axe of flaming.
 28373 | Spider:3 | 28373 ||| DRINKING potion of resistance.
 28382 | Spider:3 | Received a gift from Okawaru
 28593 | Spider:3 | 28593 ||| INVOKING Heroism.
 28730 | Spider:3 | 28730 ||| INVOKING Finesse.
 28818 | Spider:4 | Entered Level 4 of the Spider Nest
 28946 | Spider:4 | 28946 ||| INVOKING Heroism.
 28974 | Spider:4 | 28974 ||| EATING 50 rations.
 28996 | Spider:4 | 28996 ||| INVOKING Finesse.
 28998 | Spider:4 | 28998 ||| INVOKING Heroism.
 29078 | Spider:4 | 29078 ||| DRINKING 3 potions of resistance.
 29116 | Spider:4 | 29116 ||| INVOKING Heroism.
 29126 | Spider:4 | 29126 ||| INVOKING Finesse.
 29141 | Spider:4 | 29141 ||| DRINKING 18 potions of curing.
 29141 | Spider:4 | 29141 ||| (to cure confusion)
 29253 | Spider:4 | 29253 ||| INVOKING Heroism.
 29264 | Spider:4 | Reached skill level 12 in Armour
 29321 | Spider:4 | 29321 ||| INVOKING Finesse.
 29324 | Spider:4 | 29324 ||| INVOKING Heroism.
 29394 | Spider:4 | 29394 ||| INVOKING Finesse.
 29438 | Spider:4 | 29438 ||| INVOKING Heroism.
 29646 | Spider:4 | 29646 ||| DRINKING 2 potions of resistance.
 29647 | Spider:4 | 29647 ||| INVOKING Heroism.
 29655 | Spider:4 | Received a gift from Okawaru
 29655 | Spider:4 | Reached skill level 14 in Fighting
 29664 | Spider:4 | Reached XP level 18. HP: 177/192 MP: 1/25
 29798 | Spider:4 | Got a gossamer rune of Zot
 29901 | Spider:4 | 29901 ||| INVOKING Heroism.
 30078 | Spider:4 | 30078 ||| INVOKING Finesse.
 30189 | Spider:4 | 30189 ||| UPGRADING to small cabochon ring.
 30190 | Spider:4 | Lost intelligence.
 30194 | Spider:4 | 30194 ||| REMOVING ring "Olegg" {rPois rF+ MR++ Str+4
                  | Int-4}.
 30195 | Spider:4 | 30195 ||| READING 12 scrolls of remove curse.
 30196 | Spider:4 | 30196 ||| READING 12 scrolls of remove curse.
 30197 | Spider:4 | 30197 ||| READING 12 scrolls of remove curse.
 30198 | Spider:4 | 30198 ||| READING 12 scrolls of remove curse.
 30199 | Spider:4 | 30199 ||| READING 12 scrolls of remove curse.
 30200 | Spider:4 | 30200 ||| READING 12 scrolls of remove curse.
 30201 | Spider:4 | 30201 ||| REMOVING -4 ring of intelligence.
 30202 | Spider:4 | 30202 ||| UPGRADING to -5 tower shield "Iteon" {*Contam
                  | rElec rF+ rC+}.
 30212 | Spider:4 | 30212 ||| UPGRADING to ring of protection from fire.
 30213 | Spider:4 | 30213 ||| UPGRADING to ring of protection from cold.
 30214 | Spider:4 | 30214 ||| UPGRADING to +0 tower shield.
 30224 | Spider:4 | 30224 ||| DROPPING -4 ring of intelligence.
 30225 | Spider:4 | 30225 ||| UPGRADING to ring "Olegg" {rPois rF+ MR++ Str+4
                  | Int-4}.
 30227 | Spider:4 | 30227 ||| UPGRADING to ring of the Evil One {rC+ Str+6
                  | Dex+3}.
 30229 | Spider:4 | 30229 ||| UPGRADING to ring of protection from fire.
 30231 | Spider:4 | 30231 ||| UPGRADING to ring "Olegg" {rPois rF+ MR++ Str+4
                  | Int-4}.
 30536 | Vaults:1 | Entered Level 1 of the Vaults
 30537 | Vaults:1 | 30537 ||| Entered V.
 30538 | Vaults:1 | 30538 ||| INVOKING Heroism.
 30665 | Vaults:1 | 30665 ||| INVOKING Heroism.
 30704 | Vaults:1 | 30704 ||| INVOKING Heroism.
 30715 | Vaults:1 | Reached skill level 15 in Fighting
 31077 | Vaults:1 | 31077 ||| EATING 51 rations.
 31123 | Vaults:1 | Received a gift from Okawaru
 31187 | Vaults:1 | 31187 ||| INVOKING Heroism.
 31375 | Vaults:1 | 31375 ||| INVOKING Heroism.
 31498 | Vaults:1 | 31498 ||| INVOKING Heroism.
 31534 | Vaults:1 | Reached skill level 12 in Shields
 31729 | Vaults:1 | 31729 ||| INVOKING Finesse.
 32075 | Vaults:1 | Found Tablimoh's Gadget Shop.
 32305 | Vaults:1 | 32305 ||| UPGRADING to runed helmet {god gift}.
 32315 | Vaults:1 | 32315 ||| UPGRADING to +2 helmet.
 32325 | Vaults:1 | 32325 ||| DROPPING +1 helmet of see invisible.
 32326 | Vaults:1 | 32326 ||| UPGRADING to bone ring.
 32328 | Vaults:1 | 32328 ||| REMOVING ring of fire.
 32329 | Vaults:1 | 32329 ||| UPGRADING to -5 tower shield "Iteon" {*Contam
                  | rElec rF+ rC+}.
 32339 | Vaults:1 | 32339 ||| UPGRADING to ring of protection from fire.
 32340 | Vaults:1 | 32340 ||| DROPPING ring of fire.
 32341 | Vaults:1 | 32341 ||| UPGRADING to ring of protection from cold.
 32343 | Vaults:1 | 32343 ||| UPGRADING to +0 tower shield.
 32353 | Vaults:1 | 32353 ||| UPGRADING to ring of the Evil One {rC+ Str+6
                  | Dex+3}.
 32359 | Vaults:1 | Gained mutation: You are occasionally teleported next to
                  | monsters. [mutagenic glow]
 32396 | Vaults:2 | 32396 ||| DRINKING 3 potions of mutation.
 32396 | Vaults:2 | Lost mutation: You are robust. (+10% HP) [potion of
                  | mutation]
 32396 | Vaults:2 | Lost mutation: You are occasionally teleported next to
                  | monsters. [potion of mutation]
 32396 | Vaults:2 | Gained mutation: You have a pair of small antennae on your
                  | head. [potion of mutation]
 32423 | Vaults:2 | 32423 ||| INVOKING Heroism.
 32454 | Vaults:2 | 32454 ||| INVOKING Heroism.
 32745 | Vaults:2 | 32745 ||| INVOKING Heroism.
 32770 | Vaults:2 | Received a gift from Okawaru
 32849 | Vaults:2 | Paralysed by a hornet for 1 turns
 32927 | Vaults:2 | 32927 ||| INVOKING Heroism.
 32940 | Vaults:2 | Reached XP level 19. HP: 162/186 MP: 26/26
 33044 | Vaults:2 | 33044 ||| INVOKING Heroism.
 33213 | Vaults:2 | 33213 ||| INVOKING Heroism.
 33268 | Vaults:2 | Noticed a Brimstone Fiend
 33268 | Vaults:2 | 33268 ||| INVOKING Heroism.
 33269 | Vaults:2 | 33269 ||| INVOKING Finesse.
 33504 | Vaults:2 | 33504 ||| INVOKING Heroism.
 33526 | Vaults:2 | Reached skill level 16 in Fighting
 33599 | Vaults:2 | 33599 ||| INVOKING Heroism.
 33606 | Vaults:2 | Received a gift from Okawaru
 33612 | Vaults:2 | Got a faintly humming crystal plate armour {god gift}
 33857 | Vaults:2 | 33857 ||| INVOKING Heroism.
 33951 | Vaults:2 | 33951 ||| INVOKING Heroism.
 34237 | Vaults:2 | Found a portal to a secret trove of treasure.
 34437 | Vaults:2 | 34437 ||| INVOKING Heroism.
 34479 | Vaults:2 | Found Qaqask's Armour Shoppe.
 34521 | Vaults:2 | 34521 ||| DROPPING +2 helmet.
 34522 | Vaults:2 | 34522 ||| UPGRADING to faintly humming crystal plate armour
                  | {god gift}.
 34532 | Vaults:2 | Identified the +14 crystal plate armour of Anaesthesia
                  | {rElec rC+ Dex+4} (Okawaru gifted it to you on level 2 of
                  | the Vaults)
 34532 | Vaults:2 | 34532 ||| DROPPING +2 plate armour of fire resistance.
 34533 | Vaults:2 | 34533 ||| DROPPING +1 plate armour "Cuoshiepi" {+Blink
                  | Str+4 Slay+4}.
 34534 | Vaults:2 | 34534 ||| DROPPING shiny plate armour.
 34804 | Vaults:3 | 34804 ||| INVOKING Finesse.
 34806 | Vaults:3 | 34806 ||| INVOKING Heroism.
 34881 | Vaults:3 | 34881 ||| INVOKING Heroism.
 35089 | Vaults:3 | Found a staircase to the Crypt.
 35090 | Vaults:3 | 35090 ||| INVOKING Heroism.
 35103 | Vaults:3 | Received a gift from Okawaru
 35107 | Vaults:3 | Got a steaming naga barding {god gift}
 35177 | Vaults:3 | 35177 ||| INVOKING Heroism.
 35374 | Vaults:3 | 35374 ||| INVOKING Heroism.
 35415 | Vaults:3 | 35415 ||| READING scroll of enchant weapon.
 35415 | Vaults:3 | 35415 ||| ENCHANTING +7 broad axe of flaming.
 35460 | Vaults:3 | 35460 ||| INVOKING Heroism.
 35526 | Vaults:3 | 35526 ||| INVOKING Heroism.
 35601 | Vaults:3 | 35601 ||| INVOKING Heroism.
 35603 | Vaults:3 | Reached XP level 20. HP: 196/196 MP: 24/27
 35832 | Vaults:3 | 35832 ||| INVOKING Heroism.
 35937 | Vaults:3 | 35937 ||| UPGRADING to steaming naga barding {god gift}.
 35947 | Vaults:3 | Identified the +2 naga barding of the Blessed Realm {MR+
                  | rCorr Int+5} (Okawaru gifted it to you on level 3 of the
                  | Vaults)
 36038 | Vaults:4 | 36038 ||| INVOKING Heroism.
 36174 | Vaults:4 | 36174 ||| INVOKING Heroism.
 36267 | Vaults:4 | 36267 ||| INVOKING Heroism.
 36387 | Vaults:4 | 36387 ||| INVOKING Heroism.
 36782 | Vaults:4 | Reached skill level 15 in Armour
 36793 | Vaults:4 | 36793 ||| EATING 60 rations.
 37002 | Vaults:4 | 37002 ||| INVOKING Heroism.
 37094 | Vaults:4 | 37094 ||| INVOKING Heroism.
 37100 | Vaults:4 | Reached skill level 9 in Dodging
 37144 | Vaults:4 | 37144 ||| INVOKING Heroism.
 37149 | Vaults:4 | Received a gift from Okawaru
 37155 | Vaults:4 | Got a faintly glowing broad axe {god gift}
 37156 | Vaults:4 | 37156 ||| SWAPPING to faintly glowing broad axe {god gift}.
 37156 | Vaults:4 | Identified the +1 broad axe of the Bear {flame, *Noise rF-
                  | Dex+8 SInv} (Okawaru gifted it to you on level 4 of the
                  | Vaults)
 37157 | Vaults:4 | 37157 ||| SWAPPING to +8 broad axe of flaming.
 37158 | Vaults:4 | 37158 ||| DROPPING +1 broad axe of the Bear {flame, *Noise
                  | rF- Dex+8 SInv}.
 37186 | Vaults:4 | 37186 ||| INVOKING Heroism.
 37847 | Shoals:1 | Entered Level 1 of the Shoals
 37848 | Shoals:1 | 37848 ||| Entered A.
 38383 | Shoals:1 | Noticed Donald
 38394 | Shoals:1 | Killed Donald
 38470 | Shoals:1 | 38470 ||| INVOKING Heroism.
 38729 | Shoals:1 | 38729 ||| READING scroll labeled HIHUME OG ZYU.
 38779 | Shoals:2 | 38779 ||| INVOKING Heroism.
 39303 | Shoals:2 | 39303 ||| INVOKING Heroism.
 39306 | Shoals:2 | Received a gift from Okawaru
 39467 | Shoals:2 | 39467 ||| INVOKING Heroism.
 39581 | Shoals:2 | 39581 ||| INVOKING Heroism.
 39820 | Shoals:3 | 39820 ||| INVOKING Heroism.
 39915 | Shoals:3 | 39915 ||| INVOKING Heroism.
 40157 | Shoals:3 | Found Kythep's Food Shop.
 40180 | Shoals:3 | Noticed Aizul
 40187 | Shoals:3 | Killed Aizul
 40192 | Shoals:3 | Received a gift from Okawaru
 40192 | Shoals:3 | Reached XP level 21. HP: 204/206 MP: 28/28
 40197 | Shoals:3 | 40197 ||| SWAPPING to runed broad axe {god gift}.
 40198 | Shoals:3 | 40198 ||| SWAPPING to +8 broad axe of protection.
 40199 | Shoals:3 | 40199 ||| DROPPING +5 broad axe of venom.
 40225 | Shoals:3 | 40225 ||| INVOKING Heroism.
 40225 | Shoals:3 | Noticed Ilsuiw
 40244 | Shoals:3 | Killed Ilsuiw
 40642 | Shoals:3 | 40642 ||| DROPPING silver javelin.
 40664 | Shoals:4 | Entered Level 4 of the Shoals
 40669 | Shoals:4 | Reached skill level 17 in Fighting
 40671 | Shoals:4 | 40671 ||| INVOKING Heroism.
 40785 | Shoals:4 | 40785 ||| INVOKING Heroism.
 40848 | Shoals:4 | 40848 ||| INVOKING Heroism.
 40859 | Shoals:4 | Received a gift from Okawaru
 40896 | Shoals:4 | 40896 ||| INVOKING Heroism.
 41009 | Shoals:4 | 41009 ||| SWAPPING to glowing broad axe {god gift}.
 41010 | Shoals:4 | 41010 ||| SWAPPING to +8 broad axe of protection.
 41029 | Shoals:4 | 41029 ||| DROPPING +1 broad axe of draining.
 41115 | Shoals:4 | Found Baohuos's Antique Armour Shoppe.
 41134 | Shoals:4 | 41134 ||| INVOKING Heroism.
 41227 | Shoals:4 | Bought an embroidered scarf for 200 gold pieces
 41529 | Shoals:4 | 41529 ||| INVOKING Heroism.
 41672 | Shoals:4 | 41672 ||| INVOKING Heroism.
 41886 | Shoals:4 | 41886 ||| INVOKING Heroism.
 42039 | Shoals:4 | Got a barnacled rune of Zot
 42075 | Shoals:4 | 42075 ||| UPGRADING to embroidered scarf.
 42085 | Shoals:4 | 42085 ||| DROPPING +0 cloak of stealth.
 42393 | Depths:1 | Entered Level 1 of the Depths
 42394 | Depths:1 | 42394 ||| Entered U.
 42430 | Depths:1 | Found Adibryn's Antique Armour Shoppe.
 42434 | Depths:1 | Received a gift from Okawaru
 42439 | Depths:1 | 42439 ||| EATING 69 rations.
 42443 | Depths:1 | Bought a pair of runed gloves for 262 gold pieces
 42492 | Depths:1 | 42492 ||| INVOKING Heroism.
 42613 | Depths:1 | Found a flickering gateway to a bazaar.
 42614 | Depths:1 | 42614 ||| Found Bazaar.
 42618 | Bazaar   | Entered a bazaar
 42619 | Bazaar   | 42619 ||| Entered Bazaar.
 42648 | Bazaar   | Found Ybeinack's Armour Shoppe.
 42665 | Bazaar   | Found Koupn's Jewellery Shoppe.
 42665 | Bazaar   | Found Ywijeut's Book Emporium.
 42691 | Bazaar   | 42691 ||| UPGRADING to pair of runed gloves.
 42701 | Bazaar   | 42701 ||| UPGRADING to +2 pair of gloves.
 42711 | Bazaar   | 42711 ||| DROPPING +0 pair of gloves of dexterity.
 42870 | Depths:1 | 42870 ||| INVOKING Finesse.
 42871 | Depths:1 | 42871 ||| INVOKING Heroism.
 42884 | Depths:1 | HP: 36/208 [flayed ghost/flay_damage (19)]
 42885 | Depths:1 | 42885 ||| READING 13 scrolls of teleportation.
 42886 | Depths:1 | 42886 ||| DRINKING 10 potions of heal wounds.
 42890 | Depths:1 | Noticed a caustic shrike
 42891 | Depths:1 | Found the +10 dark maul {vorpal}
 42903 | Depths:1 | Killed a caustic shrike
 43209 | Depths:1 | Found Meikom's Distillery.
 43214 | Depths:1 | Bought 2 potions of cancellation for 304 gold pieces
 43214 | Depths:1 | Bought a potion of haste for 190 gold pieces
 43214 | Depths:1 | Bought a potion of might for 76 gold pieces
 43214 | Depths:1 | Bought a potion of cancellation for 152 gold pieces
 43214 | Depths:1 | Bought a potion of curing for 57 gold pieces
 43214 | Depths:1 | Bought a potion of curing for 57 gold pieces
 43267 | Depths:1 | 43267 ||| INVOKING Heroism.
 43408 | Depths:1 | Found a one-way gate to the infinite horrors of the Abyss.
 43475 | Depths:1 | 43475 ||| INVOKING Heroism.
 43489 | Depths:1 | Found a gateway to Hell.
 43492 | Depths:1 | 43492 ||| INVOKING Finesse.
 43524 | Depths:1 | 43524 ||| INVOKING Finesse.
 43537 | Depths:1 | 43537 ||| INVOKING Heroism.
 43538 | Depths:1 | Gained mutation: You do not regenerate when monsters are
                  | visible. [a neqoxec]
 43547 | Depths:1 | 43547 ||| DRINKING 3 potions of mutation.
 43547 | Depths:1 | Lost mutation: You have a pair of small antennae on your
                  | head. [potion of mutation]
 43547 | Depths:1 | Lost mutation: You do not regenerate when monsters are
                  | visible. [potion of mutation]
 43547 | Depths:1 | Gained mutation: Your muscles are strong. (Str +2) [potion
                  | of mutation]
 43547 | Depths:1 | Gained mutation: You are partially covered in rugged brown
                  | scales. (AC +1, +3% HP) [potion of mutation]
 43647 | Depths:1 | Found Qoetiuleka's Magic Scroll Emporium.
 43673 | Depths:1 | 43673 ||| EATING 71 rations.
 43900 | Depths:1 | 43900 ||| INVOKING Heroism.
 43960 | Depths:1 | 43960 ||| UPGRADING to glowing scarf.
 43970 | Depths:1 | 43970 ||| UPGRADING to scarf of repulsion.
 44016 | Depths:2 | 44016 ||| INVOKING Heroism.
 44044 | Depths:2 | Received a gift from Okawaru
 44064 | Depths:2 | 44064 ||| INVOKING Heroism.
 44065 | Depths:2 | 44065 ||| INVOKING Finesse.
 44113 | Depths:2 | 44113 ||| INVOKING Heroism.
 44171 | Depths:2 | 44171 ||| ZAPPING wand of digging (13).
 44175 | Depths:2 | 44175 ||| Stepping ~*~*~tactically~*~*~ (cloud).
 44280 | Depths:2 | 44280 ||| INVOKING Heroism.
 44287 | Depths:2 | Reached XP level 22. HP: 224/224 MP: 27/29
 44624 | Depths:2 | Found Etacikot's Gadget Emporium.
 44626 | Depths:2 | 44626 ||| INVOKING Heroism.
 44627 | Depths:2 | 44627 ||| INVOKING Finesse.
 44636 | Depths:2 | Found Cytylix's Book Shoppe.
 44636 | Depths:2 | Found Saclomn's Antique Armour Emporium.
 44712 | Depths:2 | Found Luutilic's Food Shoppe.
 44715 | Depths:2 | Bought a wand of digging (4) for 256 gold pieces
 44715 | Depths:2 | Bought a wand of digging (7) for 352 gold pieces
 44896 | Depths:2 | Reached skill level 18 in Fighting
 44920 | Depths:2 | Found a gateway to a ziggurat.
 45172 | Depths:2 | 45172 ||| INVOKING Heroism.
 45278 | Depths:2 | 45278 ||| UPGRADING to glowing cloak.
 45288 | Depths:2 | 45288 ||| UPGRADING to helmet.
 45293 | Depths:2 | 45293 ||| READING 15 scrolls of remove curse.
 45294 | Depths:2 | 45294 ||| UPGRADING to scarf of repulsion.
 45304 | Depths:2 | 45304 ||| DROPPING -1 cloak.
 45305 | Depths:2 | 45305 ||| UPGRADING to runed wooden ring.
 45307 | Depths:2 | 45307 ||| UPGRADING to ring of the Evil One {rC+ Str+6
                  | Dex+3}.
 45309 | Depths:2 | 45309 ||| DROPPING +6 ring of dexterity.
 45425 | Depths:3 | 45425 ||| INVOKING Heroism.
 45428 | Depths:3 | 45428 ||| INVOKING Finesse.
 45495 | Depths:3 | 45495 ||| INVOKING Heroism.
 45748 | Depths:3 | Identified the +2 pair of gloves "Long" {Dex+3}
 45748 | Depths:3 | Noticed Nikola
 45749 | Depths:3 | 45749 ||| INVOKING Heroism.
 45758 | Depths:3 | Killed Nikola
 45761 | Depths:3 | Received a gift from Okawaru
 45862 | Depths:3 | 45862 ||| INVOKING Heroism.
 45971 | Depths:3 | Noticed the Enchantress
 45972 | Depths:3 | 45972 ||| INVOKING Heroism.
 45973 | Depths:3 | 45973 ||| INVOKING Finesse.
 45985 | Depths:3 | Killed the Enchantress
 46266 | Depths:3 | Found a runed translucent door.
 46272 | Depths:3 | Noticed Mennas
 46542 | Depths:3 | Paralysed by a floating eye for 4 turns
 46546 | Depths:3 | 46546 ||| INVOKING Heroism.
 46547 | Depths:3 | 46547 ||| INVOKING Finesse.
 46579 | Depths:3 | Reached skill level 18 in Armour
 46589 | Depths:3 | Noticed Boris
 46602 | Depths:3 | 46602 ||| INVOKING Heroism.
 46634 | Depths:3 | 46634 ||| INVOKING Heroism.
 46635 | Depths:3 | 46635 ||| INVOKING Finesse.
 46679 | Depths:3 | 46679 ||| INVOKING Finesse.
 46685 | Depths:3 | Killed Boris
 46685 | Depths:3 | Received a gift from Okawaru
 46759 | Depths:3 | 46759 ||| INVOKING Heroism.
 46765 | Depths:3 | 46765 ||| EATING 72 rations.
 46815 | Depths:3 | 46815 ||| INVOKING Heroism.
 46841 | Depths:3 | 46841 ||| UPGRADING to pair of glowing gloves {god gift}.
 46851 | Depths:3 | 46851 ||| DROPPING +2 pair of gloves.
 46852 | Depths:3 | 46852 ||| UPGRADING to +2 pair of gloves "Long" {Dex+3}.
 46862 | Depths:3 | 46862 ||| DROPPING +1 pair of gloves of strength.
 46940 | Depths:4 | Found a transporter.
 46946 | Depths:4 | 46946 ||| INVOKING Heroism.
 46947 | Depths:4 | 46947 ||| INVOKING Finesse.
 47032 | Depths:4 | 47032 ||| INVOKING Finesse.
 47070 | Depths:4 | 47070 ||| INVOKING Heroism.
 47256 | Depths:4 | Found a transporter.
 47272 | Depths:4 | Noticed Sojobo
 47273 | Depths:4 | 47273 ||| INVOKING Heroism.
 47274 | Depths:4 | 47274 ||| INVOKING Finesse.
 47282 | Depths:4 | 47282 ||| Stepping randomly (cloudy).
 47294 | Depths:4 | Killed Sojobo
 47294 | Depths:4 | Reached XP level 23. HP: 160/234 MP: 24/30
 47518 | Depths:4 | 47518 ||| INVOKING Finesse.
 47553 | Depths:4 | Found the +7 captain's cutlass {speed, disarm}
 47604 | Depths:4 | Got a clouded wooden ring
 47801 | Depths:4 | Noticed Xtahua
 47802 | Depths:4 | 47802 ||| DRINKING potion of resistance.
 47815 | Depths:4 | 47815 ||| INVOKING Heroism.
 47820 | Depths:4 | Killed Xtahua
 47998 | Depths:4 | 47998 ||| UPGRADING to clouded wooden ring.
 47999 | Depths:4 | Identified the ring "Farezuun" {rCorr Int+3} (You found it
                  | on level 4 of the Depths)
 48000 | Depths:4 | 48000 ||| REMOVING ring "Farezuun" {rCorr Int+3}.
 48001 | Depths:4 | 48001 ||| DROPPING ring "Farezuun" {rCorr Int+3}.
 48002 | Depths:4 | 48002 ||| UPGRADING to ring of protection from cold.
 48003 | Depths:4 | 48003 ||| UPGRADING to ring of the Evil One {rC+ Str+6
                  | Dex+3}.
 48016 | Depths:5 | Entered Level 5 of the Depths
 48016 | Depths:5 | Noticed Boris
 48017 | Depths:5 | 48017 ||| INVOKING Heroism.
 48018 | Depths:5 | 48018 ||| INVOKING Finesse.
 48033 | Depths:5 | Killed Boris
 48066 | Depths:5 | 48066 ||| EATING 76 rations.
 48076 | Depths:5 | 48076 ||| INVOKING Heroism.
 48088 | Depths:5 | Reached skill level 15 in Shields
 48097 | Depths:5 | Received a gift from Okawaru
 48130 | Depths:5 | 48130 ||| INVOKING Heroism.
 48131 | Depths:5 | 48131 ||| INVOKING Finesse.
 48280 | Depths:5 | 48280 ||| INVOKING Heroism.
 48375 | Depths:5 | 48375 ||| READING scroll of enchant weapon.
 48375 | Depths:5 | 48375 ||| ENCHANTING +8 broad axe of protection.
 48510 | Depths:5 | 48510 ||| INVOKING Heroism.
 48542 | Depths:5 | 48542 ||| INVOKING Heroism.
 48548 | Depths:5 | Reached skill level 19 in Fighting
 48623 | Depths:5 | 48623 ||| READING scroll of brand weapon.
 48623 | Depths:5 | 48623 ||| BRANDING +9 broad axe of protection.
 48873 | Depths:5 | Found a gate to the Realm of Zot.
 49242 | Vaults:1 | 49242 ||| EATING 76 rations.
 49417 | Vaults:5 | Entered Level 5 of the Vaults
 49418 | Vaults:5 | 49418 ||| INVOKING Heroism.
 49419 | Vaults:5 | 49419 ||| STAIRDANCE
 49438 | Vaults:5 | 49438 ||| STAIRDANCE
 49467 | Vaults:5 | 49467 ||| STAIRDANCE
 49469 | Vaults:4 | 49469 ||| INVOKING Heroism.
 49471 | Vaults:4 | Received a gift from Okawaru
 49523 | Vaults:5 | 49523 ||| INVOKING Heroism.
 49531 | Vaults:5 | 49531 ||| STAIRDANCE
 49673 | Vaults:5 | 49673 ||| INVOKING Heroism.
 49759 | Vaults:5 | Identified the ring "Jeadoz" {*Drain rF+ MR++ Str+4}
 49762 | Vaults:5 | 49762 ||| STAIRDANCE
 49894 | Vaults:5 | 49894 ||| STAIRDANCE
 49905 | Vaults:4 | 49905 ||| DROPPING ring of protection from fire.
 49937 | Vaults:5 | Reached XP level 24. HP: 248/248 MP: 30/30
 50023 | Vaults:5 | 50023 ||| INVOKING Heroism.
 50037 | Vaults:5 | Noticed an ancient lich
 50038 | Vaults:5 | 50038 ||| INVOKING Finesse.
 50058 | Vaults:5 | Killed an ancient lich
 50062 | Vaults:5 | Identified a scroll of acquirement
 50074 | Vaults:5 | Reached skill level 12 in Dodging
 50089 | Vaults:5 | Received a gift from Okawaru
 50125 | Vaults:5 | 50125 ||| SWAPPING to runed broad axe {god gift}.
 50126 | Vaults:5 | 50126 ||| SWAPPING to +9 broad axe of freezing.
 50135 | Vaults:5 | 50135 ||| DROPPING +2 broad axe of electrocution.
 50136 | Vaults:5 | 50136 ||| READING scroll of acquirement.
 50136 | Vaults:5 | 50136 ||| ACQUIRING +1 vampiric broad axe
 50136 | Vaults:5 | Acquired a +1 vampiric broad axe
 50138 | Vaults:5 | 50138 ||| SWAPPING to +1 vampiric broad axe.
 50139 | Vaults:5 | 50139 ||| DROPPING +9 broad axe of freezing.
 50140 | Vaults:5 | 50140 ||| READING scroll of enchant weapon.
 50140 | Vaults:5 | 50140 ||| ENCHANTING +1 vampiric broad axe.
 50210 | Vaults:5 | 50210 ||| INVOKING Heroism.
 50233 | Vaults:5 | 50233 ||| INVOKING Heroism.
 50267 | Vaults:5 | 50267 ||| INVOKING Heroism.
 50357 | Vaults:5 | Identified the Catalogue of Enthralling Changing
 50383 | Vaults:5 | 50383 ||| INVOKING Heroism.
 50398 | Vaults:5 | Reached skill level 20 in Fighting
 50402 | Vaults:5 | 50402 ||| INVOKING Finesse.
 50406 | Vaults:5 | Received a gift from Okawaru
 50416 | Vaults:5 | Identified the +9 quarterstaff of Shame {drain, rElec rF+++
                  | Dex-5}
 50464 | Vaults:5 | Got a silver rune of Zot
 50540 | Vaults:5 | 50540 ||| INVOKING Heroism.
 50543 | Vaults:5 | Noticed Mara
 50544 | Vaults:5 | 50544 ||| INVOKING Finesse.
 50559 | Vaults:5 | Noticed gbos's illusion
 50564 | Vaults:5 | Noticed gbos's illusion
 50572 | Vaults:5 | Identified the ring of Yendor {rElec rPois rF+ rC+ Stlth+}
 50577 | Vaults:5 | Killed Mara
 50609 | Vaults:5 | Received a gift from Okawaru
 50610 | Vaults:5 | Identified the +9 scimitar "Xuttod" {elec, rF+ rN+}
 50671 | Vaults:5 | 50671 ||| READING scroll of enchant weapon.
 50671 | Vaults:5 | 50671 ||| ENCHANTING +2 vampiric broad axe.
 50803 | Vaults:5 | 50803 ||| INVOKING Heroism.
 50806 | Vaults:5 | 50806 ||| INVOKING Finesse.
 50814 | Vaults:5 | HP: 59/251 [Ice Fiend/bolt of cold[a lich] (8)]
 50815 | Vaults:5 | 50815 ||| READING 15 scrolls of teleportation.
 50816 | Vaults:5 | 50816 ||| DRINKING 9 potions of heal wounds.
 50817 | Vaults:5 | 50817 ||| DRINKING 8 potions of heal wounds.
 51209 | Vaults:5 | 51209 ||| EATING 75 rations.
 51216 | Vaults:5 | 51216 ||| INVOKING Heroism.
 51298 | Vaults:5 | 51298 ||| INVOKING Heroism.
 51301 | Vaults:5 | Reached XP level 25. HP: 259/259 MP: 28/30
 51584 | Vaults:5 | 51584 ||| UPGRADING to pair of runed gloves.
 51594 | Vaults:5 | 51594 ||| UPGRADING to +2 pair of gloves "Long" {Dex+3}.
 51604 | Vaults:5 | 51604 ||| DROPPING +2 pair of gloves of archery.
 51605 | Vaults:5 | 51605 ||| DROPPING ring of protection from cold.
 51813 | D:14     | 51813 ||| UPGRADING to scarf of resistance.
 52039 | Zot:1    | Entered Level 1 of the Realm of Zot
 52040 | Zot:1    | 52040 ||| Entered Z.
 52040 | Zot:1    | 52040 ||| EATING 76 rations.
 52041 | Zot:1    | 52041 ||| EATING 75 rations.
 52045 | Zot:1    | Noticed an orb of fire
 52046 | Zot:1    | 52046 ||| INVOKING Heroism.
 52047 | Zot:1    | 52047 ||| INVOKING Finesse.
 52069 | Zot:1    | Gained mutation: You occasionally shout uncontrollably at
                  | your foes. [an orb of fire]
 52076 | Zot:1    | Killed an orb of fire
 52097 | Zot:1    | Received a gift from Okawaru
 52126 | Zot:1    | Got a shimmering naga barding {god gift}
 52300 | Zot:1    | 52300 ||| INVOKING Heroism.
 52304 | Zot:1    | Reached skill level 21 in Fighting
 52343 | Zot:1    | 52343 ||| INVOKING Heroism.
 52347 | Zot:1    | 52347 ||| EATING 74 rations.
 52478 | Zot:1    | 52478 ||| INVOKING Heroism.
 52536 | Zot:1    | 52536 ||| INVOKING Heroism.
 52576 | Zot:1    | 52576 ||| INVOKING Heroism.
 52909 | Depths:4 | 52909 ||| UPGRADING to glowing war axe.
 52910 | Depths:4 | 52910 ||| SWAPPING to +3 vampiric broad axe.
 52911 | Depths:4 | 52911 ||| DROPPING +2 vorpal war axe.
 52912 | Depths:4 | 52912 ||| UPGRADING to scarf of repulsion.
 52922 | Depths:4 | 52922 ||| UPGRADING to shimmering naga barding {god gift}.
 52932 | Depths:4 | Identified the +0 naga barding "Xirooxty" {Str+3} (Okawaru
                  | gifted it to you on level 1 of the Realm of Zot)
 52932 | Depths:4 | 52932 ||| UPGRADING to +2 naga barding of the Blessed Realm
                  | {MR+ rCorr Int+5}.
 52942 | Depths:4 | 52942 ||| DROPPING +0 naga barding "Xirooxty" {Str+3}.
 53654 | Temple   | Fell from the grace of Okawaru
 53654 | Temple   | Became a worshipper of the Shining One
 53655 | Temple   | 53655 ||| SWAPPING to +3 broad axe.
 53656 | Temple   | 53656 ||| DROPPING +3 vampiric broad axe.
 54089 | Vaults:4 | 54089 ||| SWAPPING to +1 war axe of holy wrath.
 54115 | Vaults:5 | 54115 ||| UPGRADING to runed war axe.
 54116 | Vaults:5 | 54116 ||| SWAPPING to +1 war axe of holy wrath.
 54117 | Vaults:5 | 54117 ||| DROPPING +1 war axe of freezing.
 54255 | Crypt:1  | Entered Level 1 of the Crypt
 54256 | Crypt:1  | 54256 ||| Entered C.
 54302 | Crypt:1  | Reached * piety under the Shining One
 54333 | Crypt:1  | Reached ** piety under the Shining One
 54465 | Crypt:1  | 54465 ||| Stepping randomly (cloudy).
 54466 | Crypt:1  | 54466 ||| Stepping randomly (cloudy).
 54467 | Crypt:1  | 54467 ||| Stepping randomly (cloudy).
 54468 | Crypt:1  | 54468 ||| Stepping ~*~*~tactically~*~*~ (cloud).
 54537 | Crypt:1  | Noticed an ancient lich
 54537 | Crypt:1  | Reached *** piety under the Shining One
 54543 | Crypt:1  | Killed an ancient lich
 54868 | Crypt:1  | Reached **** piety under the Shining One
 55700 | Crypt:2  | 55700 ||| STAIRDANCE
 55732 | Crypt:2  | 55732 ||| STAIRDANCE
 55746 | Crypt:2  | 55746 ||| STAIRDANCE
 55755 | Crypt:2  | 55755 ||| STAIRDANCE
 55854 | Crypt:2  | Reached ***** piety under the Shining One
 55901 | Crypt:2  | 55901 ||| EATING 77 rations.
 55936 | Crypt:2  | 55936 ||| INVOKING Summon Divine Warrior.
 55940 | Crypt:2  | HP: 61/263 [mirror damage (10)]
 56187 | Crypt:2  | 56187 ||| DROPPING +3 broad axe.
 56371 | Crypt:2  | Reached XP level 26. HP: 273/273 MP: 31/31
 56430 | Crypt:2  | Reached ****** piety under the Shining One
 56434 | Crypt:2  | 56434 ||| INVOKING Brand Weapon With Holy Wrath.
 56434 | Crypt:2  | Identified a +6 broad axe of holy wrath (a +4 broad axe
                  | blessed by the Shining One)
 56434 | Crypt:2  | Received a gift from the Shining One
 56435 | Crypt:2  | 56435 ||| SWAPPING to +6 broad axe of holy wrath.
 56436 | Crypt:2  | 56436 ||| DROPPING +1 war axe of holy wrath.
 56719 | Crypt:2  | 56719 ||| INVOKING Summon Divine Warrior.
 56803 | Crypt:3  | Entered Level 3 of the Crypt
 57025 | Crypt:3  | 57025 ||| EATING 76 rations.
 57067 | Crypt:3  | 57067 ||| READING scroll of enchant armour.
 57067 | Crypt:3  | 57067 ||| ENCHANTING +0 helmet.
 57092 | Crypt:3  | Reached skill level 21 in Armour
 57274 | Crypt:3  | 57274 ||| READING scroll of enchant weapon.
 57274 | Crypt:3  | 57274 ||| ENCHANTING +6 broad axe of holy wrath.
 57475 | Crypt:3  | Found a staircase to the Tomb.
 57477 | Crypt:3  | 57477 ||| Stepping ~*~*~tactically~*~*~ (cloud).
 58041 | Crypt:3  | Found a basalt altar of Yredelemnul.
 58053 | Crypt:3  | Reached skill level 12 in Invocations
 58364 | Crypt:3  | 58364 ||| INVOKING Summon Divine Warrior.
 58368 | Crypt:3  | HP: 56/273 [flayed ghost/flay_damage (30)]
 58447 | Crypt:3  | Identified the +7 fustibalus of Expedience {flame, +Blink
                  | rN+ Int-4 Dex+4}
 58474 | Crypt:3  | 58474 ||| INVOKING Summon Divine Warrior.
 58523 | Crypt:3  | 58523 ||| READING scroll of enchant armour.
 58523 | Crypt:3  | 58523 ||| ENCHANTING +1 helmet.
 58789 | Crypt:3  | 58789 ||| EATING 77 rations.
 58873 | Crypt:3  | 58873 ||| UPGRADING to knobbly copper ring.
 58875 | Crypt:3  | 58875 ||| REMOVING ring of flight.
 58876 | Crypt:3  | 58876 ||| UPGRADING to +6 ring of strength.
 58877 | Crypt:3  | 58877 ||| UPGRADING to ring "Jeadoz" {*Drain rF+ MR++
                  | Str+4}.
 58879 | Crypt:3  | 58879 ||| UPGRADING to +2 naga barding of flying.
 58889 | Crypt:3  | 58889 ||| UPGRADING to ring of the Evil One {rC+ Str+6
                  | Dex+3}.
 58891 | Crypt:3  | 58891 ||| DROPPING ring of flight.
 58892 | Crypt:3  | 58892 ||| UPGRADING to ring "Jeadoz" {*Drain rF+ MR++
                  | Str+4}.
 58965 | Tomb:1   | Entered Level 1 of the Tomb of the Ancients
 58966 | Tomb:1   | 58966 ||| Entered W.
 59317 | Tomb:1   | Reached skill level 22 in Fighting
 59944 | Tomb:1   | 59944 ||| INVOKING Summon Divine Warrior.
 60025 | Tomb:1   | 60025 ||| EATING 80 rations.
 60069 | Tomb:1   | 60069 ||| STAIRDANCE
 60353 | Tomb:1   | Noticed a greater mummy
 60353 | Tomb:1   | 60353 ||| INVOKING Summon Divine Warrior.
 60354 | Tomb:1   | 60354 ||| Stepping ~*~*~tactically~*~*~ (cloud).
 60356 | Tomb:1   | 60356 ||| INVOKING Summon Divine Warrior.
 60366 | Tomb:1   | 60366 ||| INVOKING Summon Divine Warrior.
 60371 | Tomb:1   | Killed a greater mummy
 60372 | Tomb:1   | HP: 62/276 [bennu (8)]
 60373 | Tomb:1   | 60373 ||| READING 15 scrolls of teleportation.
 60374 | Tomb:1   | 60374 ||| DRINKING 8 potions of heal wounds.
 60951 | Tomb:1   | 60951 ||| UPGRADING to knobbly tourmaline ring.
 60953 | Tomb:1   | 60953 ||| REMOVING ring of magical power.
 60954 | Tomb:1   | 60954 ||| UPGRADING to ring "Olegg" {rPois rF+ MR++ Str+4
                  | Int-4}.
 60955 | Tomb:1   | 60955 ||| UPGRADING to +6 ring of strength.
 60957 | Tomb:1   | 60957 ||| UPGRADING to ring of the Evil One {rC+ Str+6
                  | Dex+3}.
 60959 | Tomb:1   | 60959 ||| DROPPING ring of magical power.
 60976 | Tomb:2   | Noticed a greater mummy
 60977 | Tomb:2   | 60977 ||| INVOKING Summon Divine Warrior.
 60978 | Tomb:2   | Noticed a greater mummy
 60978 | Tomb:2   | Noticed a greater mummy
 60978 | Tomb:2   | Noticed a greater mummy
 60981 | Tomb:2   | HP: 60/276 [flayed ghost/flay_damage[a mummy priest] (30)]
 60982 | Tomb:2   | 60982 ||| READING 14 scrolls of teleportation.
 60983 | Tomb:2   | 60983 ||| DRINKING 7 potions of heal wounds.
 60983 | Tomb:2   | HP: 20/276 [greater mummy/divine providence (10)]
 60983 | Tomb:2   | HP: 1/276 [skeletal warrior/+0 short sword (9)]
 60984 | Tomb:2   | 60984 ||| DRINKING 6 potions of heal wounds.
 60985 | Tomb:2   | 60985 ||| READING 13 scrolls of teleportation.
 60986 | Tomb:2   | 60986 ||| DRINKING 5 potions of heal wounds.
 60987 | Tomb:2   | 60987 ||| DRINKING 4 potions of heal wounds.
 60988 | Tomb:2   | 60988 ||| DRINKING 3 potions of heal wounds.
 60990 | Tomb:2   | 60990 ||| INVOKING Summon Divine Warrior.
 60999 | Tomb:2   | HP: 64/276 [greater mummy/divine providence (10)]
 61000 | Tomb:2   | 61000 ||| READING 12 scrolls of teleportation.
 61001 | Tomb:2   | 61001 ||| DRINKING 2 potions of heal wounds.
 61002 | Tomb:2   | 61002 ||| DRINKING potion of heal wounds.
 61003 | Tomb:2   | 61003 ||| INVOKING Summon Divine Warrior.
 61009 | Tomb:2   | HP: 64/276 [??? (32)]
 61010 | Tomb:2   | 61010 ||| READING 11 scrolls of teleportation.
 61011 | Tomb:2   | HP: 31/276 [mummy priest/divine providence (13)]
 61013 | Tomb:2   | HP: 1/276 [mummy priest (16)]
 61014 | Tomb:2   | 61014 ||| READING 10 scrolls of teleportation.
 61014 | Tomb:2   | The Shining One protects you from harm!
 61015 | Tomb:2   | Killed from afar by a mummy priest

Levels and vault maps discovered:
D:1:      minmay_arrival_plants_in_alcoves, layout_loops_ring
D:2:      layout_loops_ring, chequers_ecumenical_altar_simple
D:3:      layout_basic, kennysheep_cross_room, uniq_terence
D:4:      layout_loops_ring, first_ration
D:5:      layout_cave_pools, minmay_temple_entry_statues_fountains,
          gammafunk_ghost_smash, uniq_sigmund
D:6:      layout_cave_pools, minitemple, old_standard_altar,
          ebering_ghost_sewer_f, enter_ossuary_1, uniq_blork_the_orc
D:7:      layout_rooms, grunt_ogre_cave, grunt_ministairs_4
D:8:      layout_basic, uniq_joseph
D:9:      layout_roguey [special_room_orc],
          grunt_temple_overflow_order_and_chaos_1, david_lair_shrubbed,
          serial_shops, nicolae_shop_stone, uniq_maggie
D:10:     layout_loops_ring
D:11:     layout_basic, orc_0_dummy
D:12:     layout_loops_corners, uniq_snorg, uniq_josephine
D:13:     layout_cave_pools, grunt_vaults_entry_tiered, gammafunk_ghost_arena,
          kennysheep_generic_room_15
D:14:     layout_irregular_city, serial_shops, bzr_in_the_mist,
          serial_bayou_pond_e
D:15:     gammafunk_enter_depths_forms, layout_cave_pods, moated_statue,
          hex_medium, nrook_guardian_serpent_double, uniq_louise
Temple:   eino_temple_rhombus
Lair:1:   layout_cave_shapes, infiniplex_staircase_pool_2
Lair:2:   layout_regular_city, chequers_serial_rivers_micro_e
Lair:3:   layout_chaotic_city, spider_nest_entry_rubble
Lair:4:   layout_regular_city, shoals_dummy_entry
Lair:5:   layout_misc_corridors, slime_altar_1, portal_ice_cave_entry_imps,
          st_stairs_10, grunt_forest_stairs_clearing
Lair:6:   evilmike_catoblepas_cave, layout_regular_city, st_stairs_4
Shoals:1: layout_shoals, uniq_donald
Shoals:2: layout_shoals, argonaut_gorgonesque
Shoals:3: layout_shoals, serial_shops, shop, uniq_ilsuiw, uniq_aizul
Shoals:4: shoals_end_hangedman, layout_shoals, shoals_ilsuiw_ice, serial_shops,
          shop
Spider:1: layout_spider_delve, uniq_kirke, uniq_azrael
Spider:2: layout_spider_delve, hangedman_spider_tarantella_strand
Spider:3: layout_spider_delve
Spider:4: spider_rune_water, spiders_nest_ghost_moth_duel
Orc:1:    layout_caves, serial_shops, shop
Orc:2:    kennysheep_orc_mage_school, layout_caves, serial_shops, shop_coins
Vaults:1: vaults_room_guarded_vault, vaults_room_door_ring, vaults_room_octagon,
          v_rooms_5, grunt_vaults_focal, v_pattern_2, vaults_mumra_hex,
          ontoclasm_vaults_ring_square, vaults_room_door_hall, v_alt_pattern_6,
          ontoclasm_vaults_eye, layout_vaults_omnibox, serial_shops, shop
Vaults:2: dpeg_vaults_monster_box, vaults_room_grid, vaults_dpeg_ring,
          nicolae_vaults_little_squares_3, vaults_room_glass_cross,
          hangedman_vaults_variations, layout_vaults_omnigrid,
          nicolae_trove_entry_crystal, serial_shops,
          nicolae_shop_window_shopping
Vaults:3: v_misc_31, v_misc_16, nicolae_vaults_triangles, v_rooms_1,
          minmay_crypt_entry_skeletal_spiral, vaults_room_stairs_pillars,
          v_misc_22, hangedman_vaults_unwind, vaults_dpeg_spiral,
          grunt_vaults_hallway_long, v_misc_4, v_misc_4, layout_vaults_omnicross
Vaults:4: hangedman_vaults_restitches, grunt_vaults_twisty,
          nicolae_vaults_quadrants, v_misc_32, v_rooms_4,
          hangedman_vaults_pinch, ontoclasm_vaults_decontamination,
          ontoclasm_vaults_pinch, vaults_room_grid,
          nicolae_vaults_little_squares_3, nicolae_vaults_mini_display_case,
          layout_vaults_ring
Vaults:5: serial_shops, uniq_mara
Crypt:1:  layout_regular_city
Crypt:2:  layout_misc_corridors, grunt_ministairs_6
Crypt:3:  evilmike_haunted_forest
Tomb:1
Tomb:2
Depths:1: minmay_fractal_lines_corner, layout_gridlike, kennysheep_crisscross,
          grunt_hell_entry_demonic_statue, abyss_entry_crystal, serial_shops,
          bzr_entry_road, shop, shop, kennysheep_little_box,
          serial_bayou_crossing
Depths:2: hangedman_surveillance_ring, layout_basic, enter_ziggurat_f,
          minmay_misc_feat_ornament, hell_entry, infiniplex_staircase_zigzag_1,
          minmay_shoptagon
Depths:3: box_level_dp, hell_entry, pan_entry, uniq_nikola, uniq_enchantress,
          uniq_boris, uniq_mennas
Depths:4: gammafunk_its_a_trap, layout_cave_pools, grunt_hell_entry_dis_grunt,
          chequers_jeans, abyss_entry, minmay_staircase_bubble, uniq_xtahua,
          uniq_sojobo
Depths:5: grunt_crosshair, layout_cave_pools, pf_hell_entry_tar_spiral,
          minmay_misc_feat_rows, eino_tiny_chamber
Zot:1:    layout_basic

Skill      XL: |  1  2  3  4  5  6  7  8  9 10 11 12 13 14 15 16 17 18 19 20 21 22 23 24 25 26 |
---------------+-------------------------------------------------------------------------------+-----
Axes           | 3 4 5 6 7 8 9 10 11 12 14 15 17 18 | 18.0
Fighting       | 4 5 6 7 8 9 10 11 12 14 15 16 17 18 19 20 21 22 | 22.0
Dodging        | 1 2 3 5 6 8 9 11 12 13 | 13.0
Shields        | 3 4 5 6 7 8 9 10 11 12 13 14 15 | 15.0
Invocations    | 2 4 5 9 10 12 | 12.0
Armour         | 3 4 5 6 7 8 9 11 12 14 16 17 18 19 20 21 | 21.7

Action                   |  1- 3 |  4- 6 |  7- 9 | 10-12 | 13-15 | 16-18 | 19-21 | 22-24 | 25-27 || total
-------------------------+-------+-------+-------+-------+-------+-------+-------+-------+-------++-------
Melee: War axe           |    62 |   138 |   155 |       |       |       |       |       |   373 ||   728
       Broad axe         |       |       |   279 |   550 |   927 |   890 |  1341 |  1222 |   844 ||  6053
       Morningstar       |       |       |       |    46 |       |       |       |       |       ||    46
       Constrict         |       |       |       |       |   163 |   177 |   262 |   139 |   155 ||   896
Throw: Javelin           |       |       |       |       |       |   130 |    41 |       |       ||   171
Invok: Heroism           |       |       |     9 |    29 |    38 |    40 |    51 |    35 |     6 ||   208
       Finesse           |       |       |       |     4 |    11 |    18 |     6 |    16 |     1 ||    56
       Summon Divine War |       |       |       |       |       |       |       |       |    11 ||    11
       Brand Weapon With |       |       |       |       |       |       |       |       |     1 ||     1
 Abil: Spit Poison       |    13 |    25 |    20 |    21 |       |       |       |       |       ||    79
Evoke: Wand              |       |       |       |       |       |       |     1 |       |       ||     1
  Use: Scroll            |     3 |     3 |    16 |     3 |     7 |     8 |     3 |     7 |     9 ||    59
       Potion            |     3 |     2 |     2 |     5 |     1 |     6 |     2 |     3 |     8 ||    32
 Stab: Petrified         |       |       |       |       |     5 |       |       |       |       ||     5
       Petrifying        |       |       |       |       |     2 |       |       |       |       ||     2
       Distracted        |       |       |       |       |       |     1 |     1 |     1 |     1 ||     4
       Held in net/web   |       |       |       |       |       |     1 |       |       |       ||     1
       Confused          |       |       |       |       |       |       |       |     1 |       ||     1
  Eat: Chunk             |     2 |     7 |     7 |     8 |    24 |     9 |    23 |     7 |     2 ||    89
       Ration            |       |       |     1 |     4 |       |     5 |     3 |     4 |     7 ||    24
Armor: Scale mail        |    36 |       |       |       |       |       |       |       |       ||    36
       Chain mail        |       |    97 |   246 |   311 |   319 |    50 |       |       |       ||  1023
       Plate armour      |       |       |       |       |       |   225 |    25 |       |       ||   250
       Crystal plate arm |       |       |       |       |       |       |   383 |   478 |   566 ||  1427
Dodge: Dodged            |    22 |     3 |    47 |   102 |   106 |   122 |   230 |   251 |   327 ||  1210
       Repelled          |       |       |       |       |       |       |     1 |    41 |    16 ||    58
Block: Kite shield       |    30 |    55 |   180 |   271 |   107 |       |       |       |       ||   643
       Tower shield      |       |       |       |       |   264 |   734 |   976 |  1110 |  1186 ||  4270

Table legend:
 A = Non-vault XP
 B = Vault XP
 C = Vault XP percentage of total XP
 D = Non-vault monster count
 E = Vault monster count
 F = Vault count percentage of total count
                 A         B        C        D         E       F
            +---------+---------+-------+---------+---------+-------
      Total |  632699 |  608629 |  49.0 |    1354 |     812 |  37.5
            +---------+---------+-------+---------+---------+-------
        D:1 |      19 |       0 |   0.0 |      10 |       0 |   0.0
        D:2 |      39 |      32 |  45.1 |       9 |       1 |  10.0
        D:3 |     144 |       0 |   0.0 |      22 |       0 |   0.0
        D:4 |     390 |       0 |   0.0 |      20 |       0 |   0.0
        D:5 |     550 |     238 |  30.2 |      13 |       1 |   7.1
        D:6 |     711 |      96 |  11.9 |      23 |       1 |   4.2
        D:7 |    1266 |     412 |  24.6 |      26 |       8 |  23.5
        D:8 |     466 |     471 |  50.3 |      11 |       1 |   8.3
        D:9 |    3029 |    1087 |  26.4 |      22 |      27 |  55.1
       D:10 |    2610 |       0 |   0.0 |      18 |       0 |   0.0
       D:11 |    4027 |       0 |   0.0 |      20 |       0 |   0.0
       D:12 |    7326 |    2948 |  28.7 |      30 |       6 |  16.7
       D:13 |   11113 |    7445 |  40.1 |      49 |      25 |  33.8
       D:14 |   11164 |       0 |   0.0 |      39 |       0 |   0.0
       D:15 |   12272 |    6394 |  34.3 |      40 |      11 |  21.6
     Lair:1 |    4108 |       0 |   0.0 |      17 |       0 |   0.0
     Lair:2 |    5202 |       0 |   0.0 |      21 |       0 |   0.0
     Lair:3 |    6592 |    2445 |  27.1 |      26 |       8 |  23.5
     Lair:4 |    6731 |    1232 |  15.5 |      25 |       3 |  10.7
     Lair:5 |    9157 |    1117 |  10.9 |      21 |      18 |  46.2
     Lair:6 |   22017 |   13726 |  38.4 |      62 |      25 |  28.7
   Shoals:1 |   12932 |    2051 |  13.7 |      28 |       1 |   3.4
   Shoals:2 |   17829 |       0 |   0.0 |      41 |       0 |   0.0
   Shoals:3 |   13387 |    6428 |  32.4 |      24 |       7 |  22.6
   Shoals:4 |   20926 |   22650 |  52.0 |      38 |      37 |  49.3
   Spider:1 |   15624 |    2965 |  16.0 |      46 |       6 |  11.5
   Spider:2 |   11582 |     214 |   1.8 |      27 |       1 |   3.6
   Spider:3 |   20027 |       0 |   0.0 |      45 |       0 |   0.0
   Spider:4 |   13279 |   26596 |  66.7 |      33 |      51 |  60.7
      Orc:1 |     474 |       0 |   0.0 |      11 |       0 |   0.0
      Orc:2 |    3412 |    7325 |  68.2 |      31 |      34 |  52.3
   Vaults:1 |   20264 |   32269 |  61.4 |      37 |      42 |  53.2
   Vaults:2 |   42807 |   20685 |  32.6 |      73 |      28 |  27.7
   Vaults:3 |    8552 |   32521 |  79.2 |      21 |      52 |  71.2
   Vaults:4 |   11665 |   54571 |  82.4 |      20 |      56 |  73.7
   Vaults:5 |   27783 |  138078 |  83.2 |      40 |      72 |  64.3
    Crypt:1 |   34006 |    3625 |   9.6 |      45 |       3 |   6.2
    Crypt:2 |   26858 |     791 |   2.9 |      35 |       1 |   2.8
    Crypt:3 |       0 |   63792 | 100.0 |       0 |      99 | 100.0
     Tomb:1 |   12395 |   39130 |  75.9 |      29 |      36 |  55.4
     Tomb:2 |    5141 |    7729 |  60.1 |       8 |      11 |  57.9
   Depths:1 |   15314 |   23238 |  60.3 |      24 |      42 |  63.6
   Depths:2 |   22021 |    4684 |  17.5 |      33 |      14 |  29.8
   Depths:3 |   29470 |   41391 |  58.4 |      41 |      48 |  53.9
   Depths:4 |   23212 |   14377 |  38.2 |      27 |       4 |  12.9
   Depths:5 |   39259 |   25732 |  39.6 |      34 |      16 |  32.0
      Zot:1 |   75547 |       0 |   0.0 |      39 |       0 |   0.0
    Ossuary |       0 |     144 | 100.0 |       0 |      16 | 100.0
            +---------+---------+-------+---------+---------+-------
